 Dungeon Crawl Stone Soup version 0.25-a0-366-g516bc45ae0 (webtiles) character file.

Game seed: 13794447393962294101, levelgen mode: deterministic

141748 Caramio the Severer (level 16, -3/150 HPs)
             Began as a Deep Dwarf Fighter on Jan 6, 2020.
             Was a High Priest of Makhleb.
             Slain by an orc knight
             ... wielding a +0 long sword of holy wrath
              (4 damage)
             ... on level 2 of the Vaults.
             The game lasted 00:28:48 (24864 turns).

Caramio the Severer (Deep Dwarf Fighter)           Turns: 24864, Time: 00:28:49

Health: -3/150     AC: 25    Str: 29      XL:     16   Next: 49%
Magic:  5/5        EV: 14    Int: 21 (23) God:    Makhleb [*****.]
Gold:   1308       SH: 16    Dex: 12      Spells: 15/15 levels left

rFire    + + .     SeeInvis .   t - +3 broad axe
rCold    . . .     Gourm    .   v - +2 shield {reflect}
rNeg     + + .     Faith    .   n - +1 chain mail of the Wild Haggis {-Cast rF++ Int+9}
rPois    .         Spirit   .   o - +2 helmet
rElec    .         Reflect  +   q - +1 cloak
rCorr    .         Harm     .   b - +1 pair of gloves of the Hurricane {Int+4}
MR       ++...     NoCast   +   d - +2 pair of boots
Stlth    ..........             (no amulet)
HPRegen  0.00/turn              Y - ring "Pizycza" {rN+ Str+3 Stlth+}
MPRegen  0.09/turn              w - +2 ring of evasion

@: non-regenerating
A: damage resistance, heal wounds, negative energy resistance 1, sense
surroundings 2, no regeneration
}: 1/15 runes: decaying
a: Heal Wounds, Minor Destruction, Lesser Servant of Makhleb, Major Destruction,
Greater Servant of Makhleb, Renounce Religion


You were on level 2 of the Vaults.
You worshipped Makhleb.
Makhleb was extremely pleased with you.
You were not hungry.

You visited 6 branches of the dungeon, and saw 30 of its levels.
You also visited: Ossuary.

You collected 2810 gold pieces.
You spent 1502 gold pieces at shops.


Innate Abilities, Weirdness & Mutations

You are resistant to damage.
You can heal yourself by infusing magical energy.
You resist negative energy. (rN+)
You passively map the area around you.
You do not regenerate.


   Skills:
 - Level 11.0 Fighting
 - Level 18.0 Axes
 - Level 12.0 Armour
 + Level 8.1 Dodging
 - Level 13.0 Shields
 - Level 16.9 Invocations


You had 15 spell levels left.
You didn't know any spells.
Your spell library was empty.

Inventory:

Hand Weapons
 f - a +3 war axe of flaming
 t - a +3 broad axe (weapon)
Missiles
 l - a javelin (quivered)
Armour
 b - the +1 pair of gloves of the Hurricane (worn) {Int+4}
   (You acquired it on level 10 of the Dungeon)

   It affects your intelligence (+4).
 d - a +2 pair of boots (worn)
 n - the +1 chain mail of the Wild Haggis (worn) {-Cast rF++ Int+9}
   (You found it on level 3 of the Lair of Beasts)

   It affects your intelligence (+9).
   It greatly protects you from fire.
   It prevents spellcasting.
 o - a +2 helmet (worn)
 q - a +1 cloak (worn)
 s - a +0 plate armour
 v - a +2 shield of reflection (worn)
Jewellery
 j - an uncursed ring of fire
 w - a +2 ring of evasion (right hand)
 Y - the ring "Pizycza" (left hand) {rN+ Str+3 Stlth+}
   (You found it on level 6 of the Lair of Beasts)

   [ring of strength]

   It affects your strength (+3).
   It protects you from negative energy.
   It makes you more stealthy.
Wands
 y - a wand of paralysis (10)
Scrolls
 a - 25 scrolls of identify
 k - 16 scrolls of remove curse
 x - 7 scrolls of magic mapping
Potions
 h - a potion of cancellation
 p - 7 potions of mutation
Comestibles
 c - 13 chunks of flesh
 e - 40 rations

Dungeon Overview and Level Annotations

Branches:
Dungeon (15/15)            Temple (1/1) D:4            Lair (6/6) D:11
  Swamp (4/4) Lair:4        Snake (0/4) Lair:4        Slime (0/5) Lair:6
    Orc (2/2) D:10            Elf (0/3) Orc:2        Vaults (1/5) D:14
 Depths (0/5) D:15        Ossuary (visited)

Altars:
Ashenzari
Cheibriados
Dithmenos
Elyvilon
Fedhas
Gozag
Hepliaklqana
Kikubaaqudgha
Makhleb
Nemelex Xobeh
Okawaru
Qazlal
Ru
Sif Muna
Trog
Uskayaw
Vehumet
Wu Jian
Xom
Yredelemnul
Zin
The Shining One
Beogh

Shops:
D:4 [   D:14 *   Orc:2 :*(!

Portals:
Abyss: Orc:2
Trove: D:12 (show abyssal rune of Zot)

Annotations:
D:10 2 transporters
Orc:2 2 transporters, DerDa's ghost, journeyman OpFE


Message History

The yaktaur hits you but does no damage.
You block the yaktaur's attack. You block the stone giant's attack.
You block the ironbrand convoker's attack.
The vault warden hits you with a +0 great sword.
The stone giant hits you.
The two-headed ogre barely misses you. x2
24863 ||| INVOKING Heal Wounds.
You feel much better. The yaktaur hits you!
The yaktaur hits you but does no damage.
The stone giant closely misses you.
The orc knight hits you with a +0 long sword of holy wrath.
The stone giant closely misses you.
The ironbrand convoker hits you with a +0 morningstar!
The vault warden hits you with a +0 great sword!!
The two-headed ogre hits you but does no damage.
You block the two-headed ogre's attack.
24864 ||| INVOKING Heal Wounds.
You feel much better.
You block the yaktaur's attack. x2; The stone giant hits you.
The stone giant hits you!!!
The orc knight hits you with a +0 long sword of holy wrath!
You die... * , * , * , * #.....# *, * * * * #.....# , , , , #.....# , ,, , >, * #.(...# ** ,, * ,, , #.(...# * * ** * #.cc..# ,, , * #.pOC.# , ,,,* , ,* +GC@cc#

* * *
#.pco)#
, ,, ,
*,,
,#.....#
, , , *
* * *
#.....#
, , **
*#.....#
, , ,
#.....#
,, , *
,,
#.....#
, ,,,
#.....#
** * * ,
,
#.....#
* * , ,


You could see 2 stone giants, a vault warden, an orc knight, a glowing orange
brain, a two-headed ogre, an ironbrand convoker and 5 yaktaurs.

Vanquished Creatures
  A thorn hunter (Swamp:4)
  An ironheart preserver (Vaults:1)
  A stone giant (Orc:2)
  A yaktaur captain (D:15)
  8 hydras
  4 vault guards
  3 shambling mangroves
  An ogre mage (Vaults:1)
  3 ghost crabs
  9 alligators
  2 centaur warriors (D:15)
  6 two-headed ogres
  3 orc high priests (Orc:2)
  2 deep elf knights (D:14)
  Nergalle (Lair:1)
  3 unseen horrors
  A sea snake (Lair:6)
  A spriggan druid (Swamp:4)
  6 swamp dragons
  Pikel (D:6)
  2 orc knights
  3 wizards (D:14)
  2 deep elf archers
  A harpy (Lair:6)
  A wolf spider (D:15)
  2 manticores
  18 deep elf magi
  4 ugly things (D:14)
  2 orc sorcerers (Orc:2)
  3 cyclopes
  2 centaur zombies
  13 elephants
  Psyche (D:9)
  14 spiny frogs
  A gargoyle (D:14)
  7 black mambas
  A torpor snail (Lair:2)
  A kobold demonologist (D:12)
  7 rime drakes
  A yaktaur (Vaults:2)
  A redback zombie (D:14)
  8 komodo dragons
  2 efreet (D:14)
  3 meliai (D:13)
  3 polar bears (Lair:6)
  9 hornets
  A hornet (shapeshifter) (Vaults:2)
  5 trolls
  A wolf spider simulacrum (D:15)
  7 tyrant leeches
  4 bog bodies
  7 hippogriffs
  A dream sheep (Lair:6)
  14 slime creatures
  A meliai zombie (D:15)
  16 blink frogs
  A blink frog (shapeshifter) (D:15)
  10 spriggans
  5 shadows
  A vampire (D:13)
  4 wraiths
  35 yaks
  2 basilisks
  2 wyverns (D:11)
  Grum (D:8)
  A human (D:14)
  A yak (shapeshifter) (D:15)
  A hungry ghost (D:11)
  2 wargs
  22 vampire mosquitoes
  10 insubstantial wisps
  8 water moccasins
  2 acid dragons
  10 swamp worms
  6 swamp drakes
  3 ice beasts
  19 orc warriors
  10 porcupines
  6 sky beasts
  2 slaves (D:6)
  2 necrophages
  2 black bears
  20 wolves
  2 boggarts (Lair:3)
  5 phantoms
  12 ogres
  6 centaurs
  An elf zombie (Ossuary)
  11 crocodiles
  Blork the orc (D:5)
  21 bullfrogs
  7 big kobolds
  A wyvern zombie (D:10)
  A wyvern skeleton (D:7)
  2 scorpions
  A water moccasin skeleton (D:11)
  8 killer bees
  10 howler monkeys
  An electric eel (Lair:5)
  4 crimson imps
  2 quasits
  2 bullfrog zombies
  8 hounds
  6 jellies (Lair:6)
  A bullfrog skeleton (D:4)
  19 orc priests
  15 orc wizards
  3 iguanas
  9 worker ants
  4 hell rats
  A big kobold zombie (Ossuary)
  2 hound skeletons
  4 mummies (Ossuary)
  17 adders
  7 gnolls (D:7)
  17 river rats
  4 shadow imps
  An ooze (Lair:6)
  An adder skeleton (D:4)
  4 adder zombies (Ossuary)
  A worm (D:2)
  A dart slug (D:4)
  5 leopard geckos
  67 orcs
  8 bats
  7 giant cockroaches
  2 goblins (D:1)
  9 hobgoblins
  12 jackals
  5 quokkas
  2 ball pythons
  3 frilled lizards
  A goblin zombie (Ossuary)
  A hobgoblin zombie (Ossuary)
  A jackal zombie (Ossuary)
  41 kobolds
  2 kobold zombies (Ossuary)
  A leopard gecko skeleton (D:9)
  A quokka zombie (D:8)
  10 rats
  2 rat zombies
  A briar patch (Swamp:4)
  8 fungi
  5 plants
832 creatures vanquished.

Vanquished Creatures (collateral kills)
  A thorn hunter (Swamp:4)
  Nessos (D:14)
  11 hydras
  A centaur warrior (D:14)
  A merfolk avatar (Lair:6)
  An alligator (Swamp:1)
  2 orc high priests
  Sonja (Lair:4)
  A sea snake (Lair:6)
  4 swamp dragons
  A spriggan druid (Swamp:4)
  4 orc knights (Orc:2)
  2 orc sorcerers (Orc:2)
  5 oklob plants
  3 spiny frogs
  A komodo dragon (Lair:6)
  A polar bear (Lair:6)
  A tyrant leech (Swamp:4)
  2 blink frogs (Swamp:4)
  5 dream sheep (Lair:6)
  A bog body (Swamp:1)
  3 spriggans (Lair:3)
  2 wyverns (Lair:6)
  7 insubstantial wisps
  4 swamp worms
  A water moccasin (Lair:6)
  2 porcupines (Lair:4)
  3 swamp drakes (Swamp:4)
  7 orc warriors
  A boggart (Lair:3)
  6 wolves (Lair:4)
  An ogre (Orc:2)
  2 orc priests
  6 orc wizards
  6 orcs
  A plant (Lair:6)
102 creatures vanquished.

Vanquished Creatures (others)
  2 alligators (Swamp:3)
  A deep elf knight (D:14)
  A deep elf mage (D:14)
  A rime drake (Lair:6)
  A yaktaur (D:15)
  A slave (D:6)
  An ice beast (D:6)
  2 briar patches (Swamp:4)
  55 fungi
  18 plants
83 creatures vanquished.

Grand Total: 1017 creatures vanquished

Notes
Turn   | Place    | Note
-------+----------+-------------------------------------------
     0 | D:1      | Caramio the Deep Dwarf Fighter began the quest for the Orb.
     0 | D:1      | Reached XP level 1. HP: 20/20 MP: 1/1
     0 | D:1      | 0 ||| counter = 7
    61 | D:1      | 61 ||| DROPPING cursed -2 club.
    64 | D:1      | 64 ||| Stepping ~*~*~tactically~*~*~ (stealth).
   276 | D:1      | Reached skill level 3 in Axes
   276 | D:1      | Reached XP level 2. HP: 27/27 MP: 2/2
   292 | D:1      | 292 ||| UPGRADING to chain mail.
   302 | D:1      | 302 ||| DROPPING +0 scale mail.
   308 | D:1      | 308 ||| Stepping ~*~*~tactically~*~*~ (hiding).
   309 | D:1      | 309 ||| Stepping ~*~*~tactically~*~*~ (hiding).
   310 | D:1      | 310 ||| Stepping ~*~*~tactically~*~*~ (hiding).
   329 | D:1      | 329 ||| DROPPING +0 club.
   357 | D:1      | 357 ||| Stepping ~*~*~tactically~*~*~ (hiding).
   358 | D:1      | 358 ||| Waiting for ranged monster.
   359 | D:1      | 359 ||| Waiting for ranged monster.
   360 | D:1      | 360 ||| Waiting for ranged monster.
   365 | D:1      | 365 ||| Waiting for ranged monster.
   366 | D:1      | 366 ||| Waiting for ranged monster.
   558 | D:1      | 558 ||| Stepping ~*~*~tactically~*~*~ (stealth).
   809 | D:1      | 809 ||| READING scroll labeled KOUSTR QIORGHO.
   810 | D:1      | 810 ||| DRINKING 3 sedimented amethyst potions.
   851 | D:1      | 851 ||| Stepping ~*~*~tactically~*~*~ (stealth).
   853 | D:1      | 853 ||| Stepping ~*~*~tactically~*~*~ (hiding).
   854 | D:1      | 854 ||| Waiting for ranged monster.
   855 | D:1      | 855 ||| Waiting for ranged monster.
   856 | D:1      | 856 ||| Waiting for ranged monster.
   857 | D:1      | 857 ||| Waiting for ranged monster.
   861 | D:1      | 861 ||| Waiting for ranged monster.
   862 | D:1      | 862 ||| Waiting for ranged monster.
   865 | D:1      | 865 ||| READING 3 scrolls of identify.
   865 | D:1      | 865 ||| IDENTIFYING golden potion
   866 | D:1      | 866 ||| READING 2 scrolls of identify.
   866 | D:1      | 866 ||| IDENTIFYING glowing green potion
   867 | D:1      | 867 ||| DROPPING potion of berserk rage.
   877 | D:2      | 877 ||| Stepping ~*~*~tactically~*~*~ (hiding).
   878 | D:2      | 878 ||| Stepping ~*~*~tactically~*~*~ (hiding).
   879 | D:2      | 879 ||| Waiting for ranged monster.
   880 | D:2      | 880 ||| Waiting for ranged monster.
   881 | D:2      | 881 ||| Waiting for ranged monster.
   884 | D:2      | Reached XP level 3. HP: 33/33 MP: 3/3
   915 | D:2      | Reached skill level 4 in Axes
   959 | D:2      | 959 ||| DRINKING potion of might.
   959 | D:2      | 959 ||| (Quaffed as a fallback buff.)
  1024 | D:2      | 1024 ||| Stepping ~*~*~tactically~*~*~ (stealth).
  1028 | D:2      | Reached skill level 1 in Dodging
  1031 | D:2      | 1031 ||| Stepping ~*~*~tactically~*~*~ (stealth).
  1032 | D:2      | 1032 ||| Stepping ~*~*~tactically~*~*~ (stealth).
  1033 | D:2      | 1033 ||| Stepping ~*~*~tactically~*~*~ (stealth).
  1034 | D:2      | 1034 ||| Stepping ~*~*~tactically~*~*~ (stealth).
  1035 | D:2      | 1035 ||| Stepping ~*~*~tactically~*~*~ (stealth).
  1036 | D:2      | 1036 ||| Stepping ~*~*~tactically~*~*~ (stealth).
  1037 | D:2      | 1037 ||| Stepping ~*~*~tactically~*~*~ (stealth).
  1424 | D:2      | 1424 ||| EATING 2 rations.
  1564 | D:2      | Reached XP level 4. HP: 33/40 MP: 4/4
  1756 | D:2      | 1756 ||| READING scroll labeled BOECSUNOEM.
  1757 | D:2      | 1757 ||| READING 3 scrolls labeled HEUGHO MYZAAL.
  1758 | D:2      | 1758 ||| READING 2 scrolls of identify.
  1758 | D:2      | 1758 ||| IDENTIFYING sedimented grey potion
  1759 | D:2      | 1759 ||| DROPPING potion of lignification.
  1760 | D:2      | 1760 ||| DROPPING 2 scrolls of immolation.
  2029 | D:3      | 2029 ||| Stepping ~*~*~tactically~*~*~ (stealth).
  2044 | D:3      | 2044 ||| DROPPING +0 whip.
  2165 | D:3      | Reached skill level 5 in Axes
  2210 | D:3      | 2210 ||| DRINKING 2 potions of heal wounds.
  2212 | D:3      | Reached XP level 5. HP: 36/46 MP: 5/5
  2223 | D:3      | 2223 ||| DROPPING +2 mace of holy wrath.
  2229 | D:3      | 2229 ||| UPGRADING to helmet.
  2273 | D:3      | Found a faded altar of an unknown god.
  2318 | D:3      | 2318 ||| UPGRADING to cloak.
  2446 | D:3      | 2446 ||| READING scroll labeled QAURPH DIUHIP.
  2447 | D:3      | 2447 ||| READING scroll labeled NOAKHLA VEJAL.
  2451 | D:3      | 2451 ||| READING scroll labeled SIL IQUL MUCH.
  2452 | D:3      | 2452 ||| READING scroll labeled GINEKA IDOHIA.
  2453 | D:3      | 2453 ||| READING 2 scrolls of identify.
  2453 | D:3      | 2453 ||| IDENTIFYING encrusted jade ring
  2454 | D:3      | 2454 ||| UPGRADING to +2 ring of evasion.
  2488 | D:4      | Found Jawuel's Antique Armour Shoppe.
  2493 | D:4      | 2493 ||| STAIRDANCE
  2500 | D:3      | Reached skill level 6 in Axes
  2507 | D:4      | 2507 ||| STAIRDANCE
  2517 | D:4      | 2517 ||| STAIRDANCE
  2526 | D:4      | 2526 ||| STAIRDANCE
  2540 | D:4      | 2540 ||| STAIRDANCE
  2545 | D:4      | 2545 ||| STAIRDANCE
  2566 | D:4      | 2566 ||| SHOPLISTING jewelled plate armour (784 gold, have
                  | 197).
  2700 | D:4      | Reached skill level 7 in Axes
  2700 | D:4      | Reached XP level 6. HP: 37/55 MP: 6/6
  2892 | D:4      | 2892 ||| READING scroll of enchant armour.
  2892 | D:4      | 2892 ||| ENCHANTING +0 helmet.
  2958 | D:4      | Found a staircase to the Ecumenical Temple.
  2969 | Temple   | Entered the Ecumenical Temple
  2970 | Temple   | 2970 ||| Entered T.
  2975 | Temple   | Became a worshipper of Makhleb the Destroyer
  3188 | Temple   | 3188 ||| READING scroll labeled PIKUYDUREMP.
  3189 | Temple   | 3189 ||| READING scroll labeled VOONOESA HOKU.
  3245 | D:4      | 3245 ||| Stepping ~*~*~tactically~*~*~ (stealth).
  3260 | D:4      | 3260 ||| INVOKING Heal Wounds.
  3284 | D:5      | Entered Level 5 of the Dungeon
  3284 | D:5      | Noticed Blork the orc
  3287 | D:5      | Reached skill level 1 in Invocations
  3294 | D:5      | Killed Blork the orc
  3337 | D:5      | Reached XP level 7. HP: 47/61 MP: 7/9
  3349 | D:5      | Reached skill level 3 in Invocations
  3351 | D:5      | 3351 ||| Stepping ~*~*~tactically~*~*~ (stealth).
  3352 | D:5      | 3352 ||| Stepping ~*~*~tactically~*~*~ (stealth).
  3357 | D:5      | 3357 ||| Stepping ~*~*~tactically~*~*~ (hiding).
  3358 | D:5      | 3358 ||| Stepping ~*~*~tactically~*~*~ (hiding).
  3359 | D:5      | 3359 ||| Waiting for ranged monster.
  3360 | D:5      | 3360 ||| Stepping ~*~*~tactically~*~*~ (hiding).
  3361 | D:5      | 3361 ||| Waiting for ranged monster.
  3362 | D:5      | 3362 ||| Stepping ~*~*~tactically~*~*~ (hiding).
  3363 | D:5      | 3363 ||| Waiting for ranged monster.
  3364 | D:5      | 3364 ||| Stepping ~*~*~tactically~*~*~ (hiding).
  3365 | D:5      | 3365 ||| Waiting for ranged monster.
  3366 | D:5      | 3366 ||| Waiting for ranged monster.
  3375 | D:5      | Reached skill level 8 in Axes
  3382 | D:5      | 3382 ||| UPGRADING to pair of runed boots.
  3390 | D:5      | 3390 ||| Stepping ~*~*~tactically~*~*~ (stealth).
  3391 | D:5      | 3391 ||| Stepping ~*~*~tactically~*~*~ (hiding).
  3397 | D:5      | 3397 ||| INVOKING Heal Wounds.
  3442 | D:5      | 3442 ||| UPGRADING to pair of gloves.
  3833 | D:6      | Reached skill level 3 in Fighting
  3854 | D:6      | 3854 ||| INVOKING Heal Wounds.
  3855 | D:6      | 3855 ||| INVOKING Heal Wounds.
  3858 | D:6      | Reached * piety under Makhleb
  3873 | D:6      | 3873 ||| Stepping ~*~*~tactically~*~*~ (stealth).
  3874 | D:6      | 3874 ||| Stepping ~*~*~tactically~*~*~ (stealth).
  3875 | D:6      | 3875 ||| Stepping ~*~*~tactically~*~*~ (stealth).
  3898 | D:6      | 3898 ||| SWAPPING to +1 war axe of flaming.
  3899 | D:6      | 3899 ||| DROPPING +0 flail.
  3900 | D:6      | 3900 ||| DROPPING +1 war axe.
  3901 | D:6      | Noticed Pikel
  3903 | D:6      | 3903 ||| DRINKING potion of haste.
  3903 | D:6      | 3903 ||| (Quaffed as a fallback buff.)
  3904 | D:6      | 3904 ||| Stepping ~*~*~tactically~*~*~ (stealth).
  3906 | D:6      | 3906 ||| Stepping ~*~*~tactically~*~*~ (stealth).
  3908 | D:6      | 3908 ||| Stepping ~*~*~tactically~*~*~ (stealth).
  3912 | D:6      | 3912 ||| Stepping ~*~*~tactically~*~*~ (stealth).
  3913 | D:6      | 3913 ||| Stepping ~*~*~tactically~*~*~ (stealth).
  3916 | D:6      | Reached XP level 8. HP: 54/69 MP: 10/10
  3922 | D:6      | Killed Pikel
  3922 | D:6      | Reached skill level 10 in Axes
  4178 | D:6      | 4178 ||| Stepping ~*~*~tactically~*~*~ (hiding).
  4179 | D:6      | 4179 ||| Waiting for ranged monster.
  4180 | D:6      | 4180 ||| Waiting for ranged monster.
  4187 | D:6      | 4187 ||| Waiting for ranged monster.
  4345 | D:6      | 4345 ||| READING scroll labeled YCREGA CAYXY.
  4346 | D:6      | 4346 ||| READING 7 scrolls of identify.
  4346 | D:6      | 4346 ||| IDENTIFYING bubbling blue potion
  4347 | D:6      | 4347 ||| READING 6 scrolls of identify.
  4347 | D:6      | 4347 ||| IDENTIFYING murky puce potion
  4348 | D:6      | 4348 ||| DROPPING potion of flight.
  4402 | D:7      | 4402 ||| UPGRADING to glowing jade amulet.
  4403 | D:7      | 4403 ||| REMOVING amulet of regeneration.
  4404 | D:7      | 4404 ||| DROPPING amulet of regeneration.
  4446 | D:7      | 4446 ||| Stepping ~*~*~tactically~*~*~ (hiding).
  4447 | D:7      | 4447 ||| Stepping ~*~*~tactically~*~*~ (hiding).
  4448 | D:7      | 4448 ||| Waiting for ranged monster.
  4449 | D:7      | 4449 ||| Waiting for ranged monster.
  4450 | D:7      | 4450 ||| Waiting for ranged monster.
  4451 | D:7      | 4451 ||| Waiting for ranged monster.
  4452 | D:7      | 4452 ||| Waiting for ranged monster.
  4453 | D:7      | 4453 ||| Waiting for ranged monster.
  4459 | D:7      | Gained mutation: You passively map the area around you.
                  | [Deep Dwarf growth]
  4459 | D:7      | Reached XP level 9. HP: 61/78 MP: 11/11
  4463 | D:7      | Reached skill level 6 in Shields
  4552 | D:7      | 4552 ||| Stepping ~*~*~tactically~*~*~ (hiding).
  4553 | D:7      | 4553 ||| Waiting for ranged monster.
  4554 | D:7      | 4554 ||| Waiting for ranged monster.
  4555 | D:7      | 4555 ||| Waiting for ranged monster.
  4556 | D:7      | 4556 ||| Waiting for ranged monster.
  4559 | D:7      | 4559 ||| Waiting for ranged monster.
  4560 | D:7      | 4560 ||| Waiting for ranged monster.
  4561 | D:7      | 4561 ||| Waiting for ranged monster.
  4639 | D:7      | Reached ** piety under Makhleb
  4817 | D:7      | Found a hazy altar of Hepliaklqana.
  4853 | D:7      | 4853 ||| READING scroll labeled ATEGAV LEAMEOHOA.
  4878 | D:7      | 4878 ||| READING scroll labeled SIMNIUVICY.
  4879 | D:7      | 4879 ||| READING 7 scrolls of identify.
  4879 | D:7      | 4879 ||| IDENTIFYING fuming puce potion
  4880 | D:7      | 4880 ||| READING 6 scrolls of identify.
  4880 | D:7      | 4880 ||| IDENTIFYING black potion
  4881 | D:7      | 4881 ||| DROPPING potion of brilliance.
  4904 | D:8      | Reached skill level 6 in Invocations
  4911 | D:8      | Reached skill level 11 in Axes
  4913 | D:8      | Noticed Grum
  4915 | D:8      | 4915 ||| DRINKING potion of agility.
  4915 | D:8      | 4915 ||| (Quaffed as a fallback buff.)
  4929 | D:8      | Killed Grum
  4929 | D:8      | Reached skill level 3 in Dodging
  4962 | D:8      | 4962 ||| Stepping ~*~*~tactically~*~*~ (stealth).
  4963 | D:8      | 4963 ||| Stepping ~*~*~tactically~*~*~ (stealth).
  4965 | D:8      | 4965 ||| Stepping ~*~*~tactically~*~*~ (stealth).
  4966 | D:8      | 4966 ||| Stepping ~*~*~tactically~*~*~ (stealth).
  4973 | D:8      | 4973 ||| Stepping ~*~*~tactically~*~*~ (hiding).
  4974 | D:8      | 4974 ||| Waiting for ranged monster.
  4975 | D:8      | 4975 ||| Stepping ~*~*~tactically~*~*~ (hiding).
  4976 | D:8      | 4976 ||| Waiting for ranged monster.
  4977 | D:8      | 4977 ||| Waiting for ranged monster.
  4978 | D:8      | 4978 ||| Waiting for ranged monster.
  5001 | D:8      | 5001 ||| Stepping ~*~*~tactically~*~*~ (hiding).
  5003 | D:8      | 5003 ||| Waiting for ranged monster.
  5004 | D:8      | 5004 ||| Waiting for ranged monster.
  5005 | D:8      | 5005 ||| Waiting for ranged monster.
  5139 | D:8      | 5139 ||| Stepping ~*~*~tactically~*~*~ (stealth).
  5140 | D:8      | 5140 ||| Stepping ~*~*~tactically~*~*~ (stealth).
  5145 | D:8      | Noticed a two-headed ogre
  5155 | D:8      | Killed a two-headed ogre
  5155 | D:8      | Reached XP level 10. HP: 80/88 MP: 13/15
  5237 | D:8      | Reached *** piety under Makhleb
  5352 | D:8      | Found a sand-covered staircase.
  5353 | D:8      | 5353 ||| Found Ossuary.
  5364 | Ossuary  | Entered an ossuary
  5365 | Ossuary  | 5365 ||| Entered Ossuary.
  5535 | Ossuary  | 5535 ||| READING scroll of enchant armour.
  5535 | Ossuary  | 5535 ||| ENCHANTING +0 pair of gloves.
  5540 | Ossuary  | 5540 ||| READING 2 scrolls of enchant weapon.
  5540 | Ossuary  | 5540 ||| ENCHANTING +1 war axe of flaming.
  5541 | Ossuary  | 5541 ||| READING scroll of enchant weapon.
  5541 | Ossuary  | 5541 ||| ENCHANTING +2 war axe of flaming.
  5550 | Ossuary  | 5550 ||| READING scroll labeled VIREFYLLEQI.
  5658 | D:8      | Found a basalt altar of Yredelemnul.
  5661 | D:8      | 5661 ||| Stepping ~*~*~tactically~*~*~ (hiding).
  5669 | D:8      | Reached skill level 9 in Invocations
  5986 | D:9      | 5986 ||| DRINKING potion of might.
  5986 | D:9      | 5986 ||| (Quaffed as a fallback buff.)
  6072 | D:9      | 6072 ||| Stepping ~*~*~tactically~*~*~ (hiding).
  6073 | D:9      | 6073 ||| Waiting for ranged monster.
  6074 | D:9      | 6074 ||| Stepping ~*~*~tactically~*~*~ (hiding).
  6075 | D:9      | 6075 ||| Waiting for ranged monster.
  6076 | D:9      | 6076 ||| Waiting for ranged monster.
  6078 | D:9      | 6078 ||| DRINKING 2 potions of agility.
  6078 | D:9      | 6078 ||| (Quaffed as a fallback buff.)
  6079 | D:9      | 6079 ||| DRINKING potion of agility.
  6079 | D:9      | 6079 ||| (Quaffed as a fallback buff.)
  6083 | D:9      | 6083 ||| Waiting for ranged monster.
  6085 | D:9      | 6085 ||| Stepping ~*~*~tactically~*~*~ (hiding).
  6086 | D:9      | 6086 ||| Stepping ~*~*~tactically~*~*~ (stealth).
  6087 | D:9      | 6087 ||| Waiting for ranged monster.
  6090 | D:9      | Reached **** piety under Makhleb
  6092 | D:9      | 6092 ||| Waiting for ranged monster.
  6093 | D:9      | 6093 ||| Waiting for ranged monster.
  6094 | D:9      | 6094 ||| Waiting for ranged monster.
  6100 | D:9      | 6100 ||| UPGRADING to +0 plate armour.
  6110 | D:9      | 6110 ||| DROPPING +0 chain mail.
  6130 | D:9      | 6130 ||| SWAPPING to +0 broad axe.
  6184 | D:9      | 6184 ||| UPGRADING to glowing marble ring.
  6314 | D:9      | Noticed Psyche
  6316 | D:9      | 6316 ||| DRINKING potion of haste.
  6316 | D:9      | 6316 ||| (Quaffed as a fallback buff.)
  6325 | D:9      | Killed Psyche
  6441 | D:9      | 6441 ||| READING scroll labeled BUKIYVU YXAICLO.
  6442 | D:9      | 6442 ||| READING scroll labeled BINTUO UDWINE.
  6443 | D:9      | 6443 ||| READING 9 scrolls of identify.
  6443 | D:9      | 6443 ||| IDENTIFYING ruby potion
  6444 | D:9      | 6444 ||| DROPPING potion of degeneration.
  6449 | D:10     | Entered Level 10 of the Dungeon
  6483 | D:10     | Reached skill level 6 in Armour
  6511 | D:10     | Noticed a two-headed ogre
  6518 | D:10     | 6518 ||| INVOKING Heal Wounds.
  6522 | D:10     | Killed a two-headed ogre
  6662 | D:10     | Found a transporter.
  6663 | D:10     | 6663 ||| Stepping ~*~*~tactically~*~*~ (stealth).
  6664 | D:10     | 6664 ||| Stepping ~*~*~tactically~*~*~ (stealth).
  6675 | D:10     | 6675 ||| Stepping ~*~*~tactically~*~*~ (hiding).
  6676 | D:10     | 6676 ||| Stepping ~*~*~tactically~*~*~ (hiding).
  6677 | D:10     | 6677 ||| Waiting for ranged monster.
  6678 | D:10     | 6678 ||| Waiting for ranged monster.
  6742 | D:10     | 6742 ||| Stepping ~*~*~tactically~*~*~ (stealth).
  6745 | D:10     | 6745 ||| Stepping ~*~*~tactically~*~*~ (stealth).
  6746 | D:10     | 6746 ||| Stepping ~*~*~tactically~*~*~ (stealth).
  6748 | D:10     | 6748 ||| Stepping ~*~*~tactically~*~*~ (hiding).
  6784 | D:10     | 6784 ||| UPGRADING to large ivory ring.
  6786 | D:10     | 6786 ||| REMOVING ring of fire.
  6787 | D:10     | 6787 ||| UPGRADING to +2 ring of evasion.
  6827 | D:10     | Noticed an orc sorcerer
  6897 | D:10     | 6897 ||| Stepping ~*~*~tactically~*~*~ (hiding).
  6899 | D:10     | 6899 ||| Stepping ~*~*~tactically~*~*~ (hiding).
  6900 | D:10     | 6900 ||| Stepping ~*~*~tactically~*~*~ (hiding).
  6902 | D:10     | 6902 ||| Stepping ~*~*~tactically~*~*~ (hiding).
  6928 | D:10     | 6928 ||| INVOKING Heal Wounds.
  6939 | D:10     | 6939 ||| Stepping ~*~*~tactically~*~*~ (stealth).
  6940 | D:10     | 6940 ||| Stepping ~*~*~tactically~*~*~ (stealth).
  6968 | D:10     | 6968 ||| INVOKING Heal Wounds.
  6972 | D:10     | Noticed a two-headed ogre
  6979 | D:10     | 6979 ||| INVOKING Heal Wounds.
  6982 | D:10     | 6982 ||| INVOKING Heal Wounds.
  6989 | D:10     | Killed a two-headed ogre
  6989 | D:10     | Reached XP level 11. HP: 72/94 MP: 16/16
  7001 | D:10     | 7001 ||| INVOKING Heal Wounds.
  7011 | D:10     | 7011 ||| INVOKING Heal Wounds.
  7041 | D:10     | Found a staircase to the Orcish Mines.
  7098 | D:10     | 7098 ||| Stepping ~*~*~tactically~*~*~ (stealth).
  7101 | D:10     | 7101 ||| Stepping ~*~*~tactically~*~*~ (stealth).
  7102 | D:10     | 7102 ||| Stepping ~*~*~tactically~*~*~ (stealth).
  7103 | D:10     | 7103 ||| Stepping ~*~*~tactically~*~*~ (stealth).
  7104 | D:10     | 7104 ||| Stepping ~*~*~tactically~*~*~ (stealth).
  7107 | D:10     | 7107 ||| Stepping ~*~*~tactically~*~*~ (stealth).
  7133 | D:10     | 7133 ||| Stepping ~*~*~tactically~*~*~ (stealth).
  7150 | D:10     | 7150 ||| Stepping ~*~*~tactically~*~*~ (stealth).
  7151 | D:10     | 7151 ||| Stepping ~*~*~tactically~*~*~ (stealth).
  7152 | D:10     | 7152 ||| Stepping ~*~*~tactically~*~*~ (stealth).
  7153 | D:10     | 7153 ||| Stepping ~*~*~tactically~*~*~ (stealth).
  7154 | D:10     | 7154 ||| Stepping ~*~*~tactically~*~*~ (stealth).
  7155 | D:10     | 7155 ||| Stepping ~*~*~tactically~*~*~ (stealth).
  7156 | D:10     | 7156 ||| Stepping ~*~*~tactically~*~*~ (stealth).
  7159 | D:10     | 7159 ||| Stepping ~*~*~tactically~*~*~ (stealth).
  7161 | D:10     | 7161 ||| Stepping ~*~*~tactically~*~*~ (stealth).
  7253 | D:10     | Noticed an orc sorcerer
  7257 | D:10     | Noticed an orc warlord
  7258 | D:10     | Found a roughly hewn altar of Beogh.
  7258 | D:10     | Found a transporter.
  7324 | D:10     | 7324 ||| READING scroll labeled LEHEMERYZUM.
  7324 | D:10     | Identified a scroll of acquirement
  7325 | D:10     | Got a pair of ancient gloves
  7326 | D:10     | 7326 ||| UPGRADING to pair of ancient gloves.
  7336 | D:10     | Identified the +1 pair of gloves of the Hurricane {Int+4}
                  | (You acquired it on level 10 of the Dungeon)
  7336 | D:10     | 7336 ||| DROPPING +1 pair of gloves.
  7375 | D:11     | Found a blossoming altar of Fedhas.
  7491 | D:11     | 7491 ||| Stepping ~*~*~tactically~*~*~ (stealth).
  7644 | D:11     | 7644 ||| EATING 21 rations.
  7697 | D:11     | Reached skill level 12 in Invocations
  7729 | D:11     | 7729 ||| Stepping ~*~*~tactically~*~*~ (stealth).
  7764 | D:11     | Reached ***** piety under Makhleb
  7866 | D:11     | 7866 ||| Stepping ~*~*~tactically~*~*~ (stealth).
  7910 | D:11     | 7910 ||| Stepping ~*~*~tactically~*~*~ (stealth).
  7924 | D:11     | Reached skill level 12 in Axes
  7955 | D:11     | Found a staircase to the Lair.
  8044 | D:11     | 8044 ||| Stepping ~*~*~tactically~*~*~ (hiding).
  8045 | D:11     | 8045 ||| Stepping ~*~*~tactically~*~*~ (hiding).
  8046 | D:11     | 8046 ||| Stepping ~*~*~tactically~*~*~ (hiding).
  8047 | D:11     | 8047 ||| Stepping ~*~*~tactically~*~*~ (hiding).
  8048 | D:11     | 8048 ||| Stepping ~*~*~tactically~*~*~ (hiding).
  8049 | D:11     | 8049 ||| Stepping ~*~*~tactically~*~*~ (hiding).
  8050 | D:11     | 8050 ||| Stepping ~*~*~tactically~*~*~ (hiding).
  8051 | D:11     | 8051 ||| Stepping ~*~*~tactically~*~*~ (hiding).
  8052 | D:11     | 8052 ||| Stepping ~*~*~tactically~*~*~ (hiding).
  8053 | D:11     | 8053 ||| Stepping ~*~*~tactically~*~*~ (hiding).
  8054 | D:11     | 8054 ||| Stepping ~*~*~tactically~*~*~ (hiding).
  8055 | D:11     | 8055 ||| Stepping ~*~*~tactically~*~*~ (hiding).
  8056 | D:11     | 8056 ||| Stepping ~*~*~tactically~*~*~ (hiding).
  8057 | D:11     | 8057 ||| Stepping ~*~*~tactically~*~*~ (hiding).
  8058 | D:11     | 8058 ||| Stepping ~*~*~tactically~*~*~ (hiding).
  8059 | D:11     | 8059 ||| Waiting for ranged monster.
  8060 | D:11     | 8060 ||| Waiting for ranged monster.
  8061 | D:11     | 8061 ||| Waiting for ranged monster.
  8062 | D:11     | 8062 ||| Waiting for ranged monster.
  8063 | D:11     | 8063 ||| Waiting for ranged monster.
  8066 | D:11     | 8066 ||| Waiting for ranged monster.
  8067 | D:11     | 8067 ||| Waiting for ranged monster.
  8084 | D:11     | 8084 ||| Stepping ~*~*~tactically~*~*~ (stealth).
  8085 | D:11     | 8085 ||| Stepping ~*~*~tactically~*~*~ (stealth).
  8086 | D:11     | 8086 ||| Stepping ~*~*~tactically~*~*~ (stealth).
  8089 | D:11     | 8089 ||| Stepping ~*~*~tactically~*~*~ (stealth).
  8090 | D:11     | 8090 ||| Stepping ~*~*~tactically~*~*~ (stealth).
  8091 | D:11     | 8091 ||| Stepping ~*~*~tactically~*~*~ (stealth).
  8092 | D:11     | 8092 ||| Stepping ~*~*~tactically~*~*~ (stealth).
  8093 | D:11     | 8093 ||| Stepping ~*~*~tactically~*~*~ (stealth).
  8096 | D:11     | 8096 ||| Stepping ~*~*~tactically~*~*~ (stealth).
  8097 | D:11     | 8097 ||| Stepping ~*~*~tactically~*~*~ (stealth).
  8102 | D:11     | 8102 ||| Stepping ~*~*~tactically~*~*~ (hiding).
  8103 | D:11     | 8103 ||| Stepping ~*~*~tactically~*~*~ (hiding).
  8104 | D:11     | 8104 ||| Stepping ~*~*~tactically~*~*~ (hiding).
  8105 | D:11     | 8105 ||| Stepping ~*~*~tactically~*~*~ (hiding).
  8107 | D:11     | 8107 ||| Stepping ~*~*~tactically~*~*~ (hiding).
  8108 | D:11     | 8108 ||| Stepping ~*~*~tactically~*~*~ (hiding).
  8109 | D:11     | 8109 ||| Stepping ~*~*~tactically~*~*~ (hiding).
  8110 | D:11     | 8110 ||| Stepping ~*~*~tactically~*~*~ (hiding).
  8111 | D:11     | 8111 ||| Waiting for ranged monster.
  8112 | D:11     | 8112 ||| Waiting for ranged monster.
  8130 | D:11     | 8130 ||| Stepping ~*~*~tactically~*~*~ (stealth).
  8131 | D:11     | 8131 ||| Stepping ~*~*~tactically~*~*~ (stealth).
  8132 | D:11     | 8132 ||| Stepping ~*~*~tactically~*~*~ (stealth).
  8133 | D:11     | 8133 ||| Stepping ~*~*~tactically~*~*~ (stealth).
  8134 | D:11     | 8134 ||| Stepping ~*~*~tactically~*~*~ (stealth).
  8135 | D:11     | 8135 ||| Stepping ~*~*~tactically~*~*~ (stealth).
  8136 | D:11     | 8136 ||| Stepping ~*~*~tactically~*~*~ (stealth).
  8138 | D:11     | 8138 ||| Stepping ~*~*~tactically~*~*~ (hiding).
  8139 | D:11     | 8139 ||| Waiting for ranged monster.
  8140 | D:11     | 8140 ||| Waiting for ranged monster.
  8141 | D:11     | 8141 ||| Waiting for ranged monster.
  8142 | D:11     | 8142 ||| Waiting for ranged monster.
  8145 | D:11     | 8145 ||| Waiting for ranged monster.
  8146 | D:11     | 8146 ||| Waiting for ranged monster.
  8147 | D:11     | 8147 ||| Waiting for ranged monster.
  8150 | D:11     | 8150 ||| Stepping ~*~*~tactically~*~*~ (stealth).
  8151 | D:11     | 8151 ||| Stepping ~*~*~tactically~*~*~ (stealth).
  8152 | D:11     | 8152 ||| Stepping ~*~*~tactically~*~*~ (stealth).
  8154 | D:11     | 8154 ||| Stepping ~*~*~tactically~*~*~ (hiding).
  8155 | D:11     | 8155 ||| Waiting for ranged monster.
  8156 | D:11     | 8156 ||| Waiting for ranged monster.
  8157 | D:11     | 8157 ||| Waiting for ranged monster.
  8158 | D:11     | 8158 ||| Waiting for ranged monster.
  8162 | D:11     | 8162 ||| Waiting for ranged monster.
  8163 | D:11     | 8163 ||| Waiting for ranged monster.
  8381 | D:11     | 8381 ||| EATING 20 rations.
  8407 | D:11     | 8407 ||| Stepping ~*~*~tactically~*~*~ (stealth).
  8411 | D:11     | 8411 ||| Stepping ~*~*~tactically~*~*~ (stealth).
  8714 | Lair:1   | Entered Level 1 of the Lair of Beasts
  8715 | Lair:1   | 8715 ||| Entered L.
  8797 | Lair:1   | 8797 ||| Stepping ~*~*~tactically~*~*~ (stealth).
  8798 | Lair:1   | 8798 ||| Stepping ~*~*~tactically~*~*~ (stealth).
  8799 | Lair:1   | 8799 ||| Stepping ~*~*~tactically~*~*~ (stealth).
  8802 | Lair:1   | Noticed Nergalle
  8803 | Lair:1   | Noticed a spectral orc warlord
  8858 | Lair:1   | 8858 ||| INVOKING Heal Wounds.
  8862 | Lair:1   | 8862 ||| INVOKING Heal Wounds.
  8863 | Lair:1   | 8863 ||| INVOKING Heal Wounds.
  8865 | Lair:1   | Killed Nergalle
  8915 | Lair:1   | Noticed a seven-headed hydra
  8917 | Lair:1   | 8917 ||| INVOKING MAJOR DESTRUCTION
  8918 | Lair:1   | 8918 ||| INVOKING MAJOR DESTRUCTION
  8919 | Lair:1   | 8919 ||| INVOKING MAJOR DESTRUCTION
  8920 | Lair:1   | 8920 ||| INVOKING MAJOR DESTRUCTION
  8921 | Lair:1   | 8921 ||| INVOKING MAJOR DESTRUCTION
  8922 | Lair:1   | 8922 ||| INVOKING MAJOR DESTRUCTION
  8923 | Lair:1   | 8923 ||| INVOKING MAJOR DESTRUCTION
  8924 | Lair:1   | 8924 ||| INVOKING Heal Wounds.
  8925 | Lair:1   | 8925 ||| INVOKING MAJOR DESTRUCTION
  8925 | Lair:1   | Killed a seven-headed hydra
  9073 | Lair:1   | 9073 ||| Stepping ~*~*~tactically~*~*~ (stealth).
  9074 | Lair:1   | 9074 ||| Stepping ~*~*~tactically~*~*~ (stealth).
  9078 | Lair:1   | 9078 ||| Stepping ~*~*~tactically~*~*~ (stealth).
  9080 | Lair:1   | 9080 ||| Stepping ~*~*~tactically~*~*~ (stealth).
  9081 | Lair:1   | 9081 ||| Stepping ~*~*~tactically~*~*~ (stealth).
  9082 | Lair:1   | 9082 ||| Stepping ~*~*~tactically~*~*~ (stealth).
  9083 | Lair:1   | 9083 ||| Stepping ~*~*~tactically~*~*~ (stealth).
  9084 | Lair:1   | 9084 ||| Stepping ~*~*~tactically~*~*~ (stealth).
  9085 | Lair:1   | 9085 ||| Stepping ~*~*~tactically~*~*~ (stealth).
  9086 | Lair:1   | 9086 ||| Stepping ~*~*~tactically~*~*~ (stealth).
  9088 | Lair:1   | 9088 ||| Stepping ~*~*~tactically~*~*~ (stealth).
  9090 | Lair:1   | 9090 ||| Stepping ~*~*~tactically~*~*~ (stealth).
  9091 | Lair:1   | 9091 ||| Stepping ~*~*~tactically~*~*~ (stealth).
  9092 | Lair:1   | 9092 ||| Stepping ~*~*~tactically~*~*~ (stealth).
  9220 | Lair:1   | 9220 ||| Stepping ~*~*~tactically~*~*~ (stealth).
  9255 | Lair:1   | 9255 ||| INVOKING Heal Wounds.
  9334 | Lair:1   | 9334 ||| Stepping ~*~*~tactically~*~*~ (stealth).
  9343 | Lair:1   | 9343 ||| Stepping ~*~*~tactically~*~*~ (stealth).
  9344 | Lair:1   | 9344 ||| Stepping ~*~*~tactically~*~*~ (stealth).
  9345 | Lair:1   | 9345 ||| Stepping ~*~*~tactically~*~*~ (stealth).
  9347 | Lair:1   | 9347 ||| Stepping ~*~*~tactically~*~*~ (stealth).
  9348 | Lair:1   | 9348 ||| Stepping ~*~*~tactically~*~*~ (stealth).
  9349 | Lair:1   | 9349 ||| Stepping ~*~*~tactically~*~*~ (stealth).
  9350 | Lair:1   | 9350 ||| Stepping ~*~*~tactically~*~*~ (stealth).
  9351 | Lair:1   | 9351 ||| Stepping ~*~*~tactically~*~*~ (stealth).
  9352 | Lair:1   | 9352 ||| Stepping ~*~*~tactically~*~*~ (stealth).
  9353 | Lair:1   | 9353 ||| Stepping ~*~*~tactically~*~*~ (stealth).
  9354 | Lair:1   | 9354 ||| Stepping ~*~*~tactically~*~*~ (stealth).
  9355 | Lair:1   | 9355 ||| Stepping ~*~*~tactically~*~*~ (stealth).
  9445 | Lair:1   | 9445 ||| UPGRADING to large zirconium amulet.
  9446 | Lair:1   | 9446 ||| REMOVING amulet of harm.
  9447 | Lair:1   | 9447 ||| DROPPING amulet of harm.
  9483 | Lair:1   | 9483 ||| Stepping ~*~*~tactically~*~*~ (stealth).
  9484 | Lair:1   | 9484 ||| Stepping ~*~*~tactically~*~*~ (stealth).
  9491 | Lair:1   | 9491 ||| Stepping ~*~*~tactically~*~*~ (stealth).
  9492 | Lair:1   | 9492 ||| Stepping ~*~*~tactically~*~*~ (stealth).
  9494 | Lair:1   | 9494 ||| Stepping ~*~*~tactically~*~*~ (stealth).
  9495 | Lair:1   | 9495 ||| Stepping ~*~*~tactically~*~*~ (stealth).
  9496 | Lair:1   | 9496 ||| Stepping ~*~*~tactically~*~*~ (stealth).
  9525 | Lair:1   | 9525 ||| Stepping ~*~*~tactically~*~*~ (stealth).
  9545 | Lair:1   | 9545 ||| READING scroll labeled APEESMU TULES.
  9617 | Lair:2   | 9617 ||| FLEEEEING.
  9619 | Lair:2   | 9619 ||| FLEEEEING.
  9620 | Lair:2   | 9620 ||| FLEEEEING.
  9621 | Lair:2   | 9621 ||| FLEEEEING.
  9622 | Lair:2   | 9622 ||| FLEEEEING.
  9623 | Lair:2   | 9623 ||| FLEEEEING.
  9624 | Lair:2   | 9624 ||| FLEEEEING.
  9625 | Lair:2   | 9625 ||| FLEEEEING.
  9626 | Lair:2   | 9626 ||| FLEEEEING.
  9627 | Lair:2   | 9627 ||| FLEEEEING.
  9628 | Lair:2   | 9628 ||| FLEEEEING.
  9629 | Lair:2   | 9629 ||| FLEEEEING.
  9630 | Lair:2   | 9630 ||| FLEEEEING.
  9631 | Lair:2   | 9631 ||| FLEEEEING.
  9632 | Lair:2   | 9632 ||| STILL FLEEEEING.
  9633 | Lair:2   | 9633 ||| FLEEEEING.
  9634 | Lair:2   | 9634 ||| FLEEEEING.
  9635 | Lair:2   | 9635 ||| FLEEEEING.
  9636 | Lair:2   | 9636 ||| FLEEEEING.
  9637 | Lair:2   | 9637 ||| FLEEEEING.
  9638 | Lair:2   | 9638 ||| FLEEEEING.
  9639 | Lair:2   | 9639 ||| FLEEEEING.
  9640 | Lair:2   | 9640 ||| FLEEEEING.
  9641 | Lair:2   | 9641 ||| STAIRDANCE
  9649 | Lair:2   | Reached skill level 6 in Fighting
  9649 | Lair:2   | Reached XP level 12. HP: 97/105 MP: 17/17
  9678 | Lair:2   | 9678 ||| Stepping ~*~*~tactically~*~*~ (stealth).
  9840 | Lair:2   | Noticed a four-headed hydra
  9841 | Lair:2   | 9841 ||| INVOKING Greater Servant of Makhleb.
  9841 | Lair:2   | Noticed an Executioner
  9842 | Lair:2   | 9842 ||| READING 3 scrolls of teleportation.
  9843 | Lair:2   | 9843 ||| INVOKING MAJOR DESTRUCTION
  9844 | Lair:2   | 9844 ||| INVOKING MAJOR DESTRUCTION
  9845 | Lair:2   | 9845 ||| INVOKING Heal Wounds.
  9846 | Lair:2   | 9846 ||| INVOKING Heal Wounds.
  9971 | Lair:2   | 9971 ||| Stepping ~*~*~tactically~*~*~ (stealth).
  9972 | Lair:2   | 9972 ||| Stepping ~*~*~tactically~*~*~ (stealth).
  9974 | Lair:2   | 9974 ||| Stepping ~*~*~tactically~*~*~ (stealth).
  9978 | Lair:2   | 9978 ||| READING 2 scrolls of teleportation.
  9982 | Lair:2   | Found a snail-covered altar of Cheibriados.
  9991 | Lair:2   | 9991 ||| INVOKING Heal Wounds.
  9994 | Lair:2   | 9994 ||| INVOKING Heal Wounds.
 10000 | Lair:2   | 10000 ||| INVOKING Heal Wounds.
 10014 | Lair:2   | Reached skill level 15 in Invocations
 10028 | Lair:2   | Reached skill level 13 in Axes
 10161 | Lair:2   | 10161 ||| Stepping ~*~*~tactically~*~*~ (stealth).
 10162 | Lair:2   | 10162 ||| Stepping ~*~*~tactically~*~*~ (stealth).
 10178 | Lair:2   | 10178 ||| Stepping ~*~*~tactically~*~*~ (stealth).
 10187 | Lair:2   | Reached skill level 9 in Shields
 10209 | Lair:2   | Reached skill level 9 in Armour
 10371 | Lair:2   | 10371 ||| Stepping ~*~*~tactically~*~*~ (stealth).
 10372 | Lair:2   | 10372 ||| Stepping ~*~*~tactically~*~*~ (stealth).
 10442 | Lair:2   | 10442 ||| Stepping ~*~*~tactically~*~*~ (stealth).
 10540 | Lair:2   | 10540 ||| INVOKING Greater Servant of Makhleb.
 10540 | Lair:2   | Noticed a cacodemon
 10541 | Lair:2   | 10541 ||| READING scroll of teleportation.
 10542 | Lair:2   | 10542 ||| INVOKING MAJOR DESTRUCTION
 10543 | Lair:2   | 10543 ||| INVOKING MAJOR DESTRUCTION
 10544 | Lair:2   | 10544 ||| INVOKING MAJOR DESTRUCTION
 10545 | Lair:2   | 10545 ||| INVOKING Heal Wounds.
 10682 | Lair:2   | 10682 ||| INVOKING Greater Servant of Makhleb.
 10683 | Lair:2   | 10683 ||| DRINKING potion of might.
 10683 | Lair:2   | 10683 ||| (Quaffed as a fallback buff.)
 10685 | Lair:2   | 10685 ||| SWAPPING to +3 war axe of flaming.
 10690 | Lair:2   | Killed a one-headed hydra
 10691 | Lair:2   | 10691 ||| INVOKING Heal Wounds.
 10692 | Lair:2   | 10692 ||| SWAPPING to +0 broad axe.
 10974 | Lair:3   | 10974 ||| INVOKING Heal Wounds.
 11001 | Lair:3   | 11001 ||| EATING 22 rations.
 11009 | Lair:3   | 11009 ||| Stepping ~*~*~tactically~*~*~ (stealth).
 11010 | Lair:3   | 11010 ||| Stepping ~*~*~tactically~*~*~ (stealth).
 11028 | Lair:3   | Reached skill level 14 in Axes
 11059 | Lair:3   | 11059 ||| INVOKING Greater Servant of Makhleb.
 11059 | Lair:3   | Noticed an Executioner
 11060 | Lair:3   | 11060 ||| INVOKING Greater Servant of Makhleb.
 11061 | Lair:3   | 11061 ||| DRINKING potion of agility.
 11061 | Lair:3   | 11061 ||| (Quaffed as a fallback buff.)
 11068 | Lair:3   | Noticed a catoblepas
 11071 | Lair:3   | 11071 ||| INVOKING Heal Wounds.
 11072 | Lair:3   | 11072 ||| Stepping ~*~*~tactically~*~*~ (cloud).
 11073 | Lair:3   | 11073 ||| Stepping ~*~*~tactically~*~*~ (cloud).
 11189 | Lair:3   | Got a twisted chain mail
 11190 | Lair:3   | 11190 ||| UPGRADING to twisted chain mail.
 11200 | Lair:3   | Identified the cursed +1 chain mail of the Wild Haggis
                  | {-Cast rF++ Int+9} (You found it on level 3 of the Lair of
                  | Beasts)
 11200 | Lair:3   | 11200 ||| READING 10 scrolls of remove curse.
 11302 | Lair:3   | Reached XP level 13. HP: 112/112 MP: 16/16
 11336 | Lair:3   | 11336 ||| INVOKING Greater Servant of Makhleb.
 11366 | Lair:3   | 11366 ||| INVOKING Heal Wounds.
 11390 | Lair:3   | 11390 ||| INVOKING Heal Wounds.
 11412 | Lair:3   | 11412 ||| INVOKING Greater Servant of Makhleb.
 11717 | Lair:3   | 11717 ||| DRINKING 8 potions of curing.
 11717 | Lair:3   | 11717 ||| (to cure poison)
 11766 | Lair:3   | 11766 ||| Stepping ~*~*~tactically~*~*~ (stealth).
 11767 | Lair:3   | 11767 ||| Stepping ~*~*~tactically~*~*~ (stealth).
 12000 | Lair:3   | 12000 ||| READING 13 scrolls of identify.
 12000 | Lair:3   | 12000 ||| IDENTIFYING glowing brown potion
 12065 | Lair:4   | Noticed Sonja
 12066 | Lair:4   | 12066 ||| INVOKING Greater Servant of Makhleb.
 12066 | Lair:4   | Noticed a cacodemon
 12067 | Lair:4   | 12067 ||| READING scroll of teleportation.
 12068 | Lair:4   | 12068 ||| STAIRDANCE
 12369 | Lair:4   | 12369 ||| Stepping ~*~*~tactically~*~*~ (stealth).
 12371 | Lair:4   | 12371 ||| Stepping ~*~*~tactically~*~*~ (stealth).
 12373 | Lair:4   | 12373 ||| Stepping ~*~*~tactically~*~*~ (stealth).
 12387 | Lair:4   | 12387 ||| Stepping ~*~*~tactically~*~*~ (stealth).
 12494 | Lair:4   | 12494 ||| EATING 24 rations.
 12519 | Lair:4   | 12519 ||| Stepping ~*~*~tactically~*~*~ (stealth).
 12571 | Lair:4   | 12571 ||| INVOKING Greater Servant of Makhleb.
 12573 | Lair:4   | 12573 ||| DRINKING potion of haste.
 12573 | Lair:4   | 12573 ||| (Quaffed as a fallback buff.)
 12574 | Lair:4   | Found a staircase to the Snake Pit.
 12576 | Lair:4   | Killed Sonja
 12577 | Lair:4   | 12577 ||| DRINKING 7 potions of curing.
 12577 | Lair:4   | 12577 ||| (to cure poison)
 12607 | Lair:4   | Found a staircase to the Swamp.
 12639 | Lair:4   | Reached skill level 15 in Axes
 12867 | Lair:4   | 12867 ||| DRINKING 2 green potions.
 12868 | Lair:4   | 12868 ||| DROPPING potion of invisibility.
 12880 | Lair:5   | 12880 ||| Stepping ~*~*~tactically~*~*~ (stealth).
 12882 | Lair:5   | 12882 ||| Stepping ~*~*~tactically~*~*~ (stealth).
 12895 | Lair:5   | 12895 ||| Stepping ~*~*~tactically~*~*~ (stealth).
 12935 | Lair:5   | 12935 ||| READING scroll of acquirement.
 12937 | Lair:5   | 12937 ||| UPGRADING to runed plate armour.
 12947 | Lair:5   | 12947 ||| UPGRADING to +1 chain mail of the Wild Haggis
                  | {-Cast rF++ Int+9}.
 12957 | Lair:5   | 12957 ||| DROPPING +8 plate armour of ponderousness.
 13166 | Lair:5   | 13166 ||| Stepping ~*~*~tactically~*~*~ (stealth).
 13171 | Lair:5   | 13171 ||| Stepping ~*~*~tactically~*~*~ (stealth).
 13172 | Lair:5   | 13172 ||| Stepping ~*~*~tactically~*~*~ (stealth).
 13173 | Lair:5   | 13173 ||| Stepping ~*~*~tactically~*~*~ (stealth).
 13175 | Lair:5   | 13175 ||| Stepping ~*~*~tactically~*~*~ (stealth).
 13176 | Lair:5   | 13176 ||| Stepping ~*~*~tactically~*~*~ (stealth).
 13177 | Lair:5   | 13177 ||| Stepping ~*~*~tactically~*~*~ (stealth).
 13178 | Lair:5   | 13178 ||| Stepping ~*~*~tactically~*~*~ (stealth).
 13179 | Lair:5   | 13179 ||| Stepping ~*~*~tactically~*~*~ (stealth).
 13180 | Lair:5   | 13180 ||| Stepping ~*~*~tactically~*~*~ (stealth).
 13181 | Lair:5   | 13181 ||| Stepping ~*~*~tactically~*~*~ (stealth).
 13182 | Lair:5   | 13182 ||| Stepping ~*~*~tactically~*~*~ (stealth).
 13183 | Lair:5   | 13183 ||| Stepping ~*~*~tactically~*~*~ (stealth).
 13189 | Lair:5   | 13189 ||| Stepping ~*~*~tactically~*~*~ (stealth).
 13238 | Lair:5   | 13238 ||| Stepping ~*~*~tactically~*~*~ (stealth).
 13249 | Lair:5   | 13249 ||| Stepping ~*~*~tactically~*~*~ (stealth).
 13262 | Lair:5   | 13262 ||| Stepping ~*~*~tactically~*~*~ (stealth).
 13458 | Lair:5   | 13458 ||| READING scroll of enchant weapon.
 13458 | Lair:5   | 13458 ||| ENCHANTING +0 broad axe.
 13655 | Lair:6   | Entered Level 6 of the Lair of Beasts
 13660 | Lair:6   | 13660 ||| Stepping ~*~*~tactically~*~*~ (hiding).
 13671 | Lair:6   | 13671 ||| INVOKING Heal Wounds.
 13767 | Lair:6   | 13767 ||| Stepping ~*~*~tactically~*~*~ (hiding).
 13768 | Lair:6   | 13768 ||| Stepping ~*~*~tactically~*~*~ (hiding).
 13769 | Lair:6   | 13769 ||| Stepping ~*~*~tactically~*~*~ (hiding).
 13770 | Lair:6   | 13770 ||| Waiting for ranged monster.
 13771 | Lair:6   | 13771 ||| Waiting for ranged monster.
 13777 | Lair:6   | 13777 ||| Waiting for ranged monster.
 13778 | Lair:6   | 13778 ||| Waiting for ranged monster.
 13780 | Lair:6   | 13780 ||| Stepping ~*~*~tactically~*~*~ (stealth).
 13853 | Lair:6   | 13853 ||| Stepping ~*~*~tactically~*~*~ (stealth).
 13854 | Lair:6   | 13854 ||| Stepping ~*~*~tactically~*~*~ (stealth).
 13866 | Lair:6   | 13866 ||| Stepping ~*~*~tactically~*~*~ (stealth).
 13878 | Lair:6   | 13878 ||| Stepping ~*~*~tactically~*~*~ (stealth).
 13879 | Lair:6   | 13879 ||| Stepping ~*~*~tactically~*~*~ (stealth).
 13921 | Lair:6   | 13921 ||| INVOKING Greater Servant of Makhleb.
 13921 | Lair:6   | Noticed a balrug
 13922 | Lair:6   | 13922 ||| INVOKING Greater Servant of Makhleb.
 13927 | Lair:6   | 13927 ||| INVOKING Heal Wounds.
 13930 | Lair:6   | 13930 ||| DRINKING potion of haste.
 13930 | Lair:6   | 13930 ||| (Quaffed as a fallback buff.)
 13960 | Lair:6   | 13960 ||| INVOKING Heal Wounds.
 13962 | Lair:6   | HP: 25/117 [oklob plant/splash of acid (12)]
 13962 | Lair:6   | HP: 12/117 [acid (13)]
 13963 | Lair:6   | 13963 ||| DRINKING 3 potions of heal wounds.
 13964 | Lair:6   | 13964 ||| INVOKING Heal Wounds.
 13966 | Lair:6   | 13966 ||| INVOKING Heal Wounds.
 13968 | Lair:6   | 13968 ||| INVOKING Heal Wounds.
 13970 | Lair:6   | HP: 23/117 [acid (10)]
 13971 | Lair:6   | 13971 ||| DRINKING 2 potions of heal wounds.
 13972 | Lair:6   | 13972 ||| INVOKING Heal Wounds.
 13976 | Lair:6   | 13976 ||| INVOKING Heal Wounds.
 13987 | Lair:6   | 13987 ||| INVOKING Heal Wounds.
 13990 | Lair:6   | 13990 ||| INVOKING Greater Servant of Makhleb.
 13991 | Lair:6   | 13991 ||| INVOKING Heal Wounds.
 13993 | Lair:6   | 13993 ||| DRINKING 2 potions of agility.
 13993 | Lair:6   | 13993 ||| (Quaffed as a fallback buff.)
 13994 | Lair:6   | 13994 ||| DRINKING potion of agility.
 13994 | Lair:6   | 13994 ||| (Quaffed as a fallback buff.)
 13995 | Lair:6   | 13995 ||| INVOKING Heal Wounds.
 14051 | Lair:6   | Got a fine turquoise ring
 14052 | Lair:6   | 14052 ||| UPGRADING to fine turquoise ring.
 14053 | Lair:6   | Identified the ring "Pizycza" {rN+ Str+3 Stlth+} (You found
                  | it on level 6 of the Lair of Beasts)
 14054 | Lair:6   | 14054 ||| UPGRADING to +2 ring of evasion.
 14056 | Lair:6   | 14056 ||| DROPPING ring of protection from magic.
 14107 | Lair:6   | 14107 ||| SWAPPING to +3 war axe of flaming.
 14111 | Lair:6   | 14111 ||| SWAPPING to +1 broad axe.
 14137 | Lair:6   | 14137 ||| Stepping ~*~*~tactically~*~*~ (water).
 14139 | Lair:6   | 14139 ||| Stepping ~*~*~tactically~*~*~ (water).
 14143 | Lair:6   | 14143 ||| Stepping ~*~*~tactically~*~*~ (water).
 14144 | Lair:6   | 14144 ||| INVOKING Greater Servant of Makhleb.
 14146 | Lair:6   | 14146 ||| Stepping ~*~*~tactically~*~*~ (water).
 14154 | Lair:6   | 14154 ||| INVOKING Heal Wounds.
 14159 | Lair:6   | 14159 ||| INVOKING Heal Wounds.
 14162 | Lair:6   | 14162 ||| INVOKING Heal Wounds.
 14195 | Lair:6   | 14195 ||| Stepping ~*~*~tactically~*~*~ (water).
 14201 | Lair:6   | 14201 ||| DRINKING potion of agility.
 14201 | Lair:6   | 14201 ||| (Quaffed as a fallback buff.)
 14378 | Lair:6   | 14378 ||| Stepping ~*~*~tactically~*~*~ (stealth).
 14401 | Lair:6   | 14401 ||| DRINKING 10 potions of curing.
 14401 | Lair:6   | 14401 ||| (to cure bad poison)
 14402 | Lair:6   | Reached skill level 16 in Axes
 14514 | Lair:6   | 14514 ||| Stepping ~*~*~tactically~*~*~ (stealth).
 14515 | Lair:6   | 14515 ||| Stepping ~*~*~tactically~*~*~ (stealth).
 14531 | Lair:6   | Found a staircase to the Slime Pits.
 14543 | Lair:6   | 14543 ||| Stepping ~*~*~tactically~*~*~ (stealth).
 14579 | Lair:6   | 14579 ||| Stepping ~*~*~tactically~*~*~ (stealth).
 14580 | Lair:6   | 14580 ||| Stepping ~*~*~tactically~*~*~ (stealth).
 14581 | Lair:6   | 14581 ||| Stepping ~*~*~tactically~*~*~ (stealth).
 14582 | Lair:6   | 14582 ||| Stepping ~*~*~tactically~*~*~ (stealth).
 14591 | Lair:6   | 14591 ||| Stepping ~*~*~tactically~*~*~ (stealth).
 14592 | Lair:6   | 14592 ||| Stepping ~*~*~tactically~*~*~ (stealth).
 14593 | Lair:6   | 14593 ||| Stepping ~*~*~tactically~*~*~ (stealth).
 14596 | Lair:6   | 14596 ||| Stepping ~*~*~tactically~*~*~ (stealth).
 14637 | Lair:6   | 14637 ||| Stepping ~*~*~tactically~*~*~ (stealth).
 14638 | Lair:6   | 14638 ||| Stepping ~*~*~tactically~*~*~ (stealth).
 14639 | Lair:6   | 14639 ||| Stepping ~*~*~tactically~*~*~ (stealth).
 14640 | Lair:6   | 14640 ||| READING 18 scrolls of identify.
 14640 | Lair:6   | 14640 ||| IDENTIFYING coppery potion
 14641 | Lair:6   | 14641 ||| DROPPING potion of magic.
 14642 | Lair:6   | 14642 ||| READING scroll of teleportation.
 14643 | Lair:6   | 14643 ||| Stepping randomly (stuck).
 14825 | Orc:1    | Entered Level 1 of the Orcish Mines
 14826 | Orc:1    | 14826 ||| Entered O.
 14831 | Orc:1    | 14831 ||| STAIRDANCE
 14866 | Orc:1    | 14866 ||| Stepping ~*~*~tactically~*~*~ (hiding).
 14867 | Orc:1    | 14867 ||| Waiting for ranged monster.
 14869 | Orc:1    | 14869 ||| Stepping ~*~*~tactically~*~*~ (hiding).
 14870 | Orc:1    | 14870 ||| Stepping ~*~*~tactically~*~*~ (hiding).
 14871 | Orc:1    | 14871 ||| Stepping ~*~*~tactically~*~*~ (hiding).
 14879 | Orc:1    | Reached skill level 6 in Dodging
 14884 | Orc:1    | 14884 ||| Stepping ~*~*~tactically~*~*~ (hiding).
 14906 | Orc:1    | Gained mutation: You resist negative energy. (rN+) [Deep
                  | Dwarf growth]
 14906 | Orc:1    | Reached XP level 14. HP: 72/126 MP: 13/13
 14907 | Orc:1    | 14907 ||| INVOKING Heal Wounds.
 14971 | Orc:1    | 14971 ||| Stepping ~*~*~tactically~*~*~ (hiding).
 14972 | Orc:1    | 14972 ||| Waiting for ranged monster.
 14973 | Orc:1    | 14973 ||| Waiting for ranged monster.
 14974 | Orc:1    | 14974 ||| Waiting for ranged monster.
 14975 | Orc:1    | 14975 ||| Waiting for ranged monster.
 14976 | Orc:1    | 14976 ||| Waiting for ranged monster.
 14977 | Orc:1    | 14977 ||| Waiting for ranged monster.
 14978 | Orc:1    | 14978 ||| Waiting for ranged monster.
 14981 | Orc:1    | 14981 ||| Stepping ~*~*~tactically~*~*~ (hiding).
 14993 | Orc:1    | 14993 ||| INVOKING Greater Servant of Makhleb.
 14994 | Orc:1    | 14994 ||| DRINKING potion of agility.
 14994 | Orc:1    | 14994 ||| (Quaffed as a fallback buff.)
 15037 | Orc:1    | 15037 ||| INVOKING Heal Wounds.
 15042 | Orc:1    | 15042 ||| INVOKING Heal Wounds.
 15043 | Orc:1    | 15043 ||| INVOKING Heal Wounds.
 15410 | Orc:2    | Entered Level 2 of the Orcish Mines
 15446 | Orc:2    | 15446 ||| Stepping ~*~*~tactically~*~*~ (stealth).
 15447 | Orc:2    | 15447 ||| Stepping ~*~*~tactically~*~*~ (stealth).
 15448 | Orc:2    | 15448 ||| Stepping ~*~*~tactically~*~*~ (hiding).
 15449 | Orc:2    | 15449 ||| Stepping ~*~*~tactically~*~*~ (hiding).
 15486 | Orc:2    | Found a staircase to the Elven Halls.
 15569 | Orc:2    | 15569 ||| Stepping ~*~*~tactically~*~*~ (hiding).
 15570 | Orc:2    | 15570 ||| Stepping ~*~*~tactically~*~*~ (hiding).
 15571 | Orc:2    | 15571 ||| Waiting for ranged monster.
 15572 | Orc:2    | 15572 ||| Waiting for ranged monster.
 15573 | Orc:2    | 15573 ||| Waiting for ranged monster.
 15589 | Orc:2    | 15589 ||| Stepping ~*~*~tactically~*~*~ (stealth).
 15594 | Orc:2    | Noticed a stone giant
 15601 | Orc:2    | 15601 ||| Stepping ~*~*~tactically~*~*~ (stealth).
 15613 | Orc:2    | Killed a stone giant
 15637 | Orc:2    | 15637 ||| Stepping ~*~*~tactically~*~*~ (stealth).
 15643 | Orc:2    | 15643 ||| Stepping ~*~*~tactically~*~*~ (hiding).
 15644 | Orc:2    | 15644 ||| Waiting for ranged monster.
 15674 | Orc:2    | Found a one-way gate to the infinite horrors of the Abyss.
 15674 | Orc:2    | Noticed DerDa's ghost (journeyman OpFE)
 15675 | Orc:2    | 15675 ||| INVOKING Greater Servant of Makhleb.
 15801 | Orc:2    | Reached skill level 17 in Axes
 15802 | Orc:2    | 15802 ||| INVOKING Heal Wounds.
 15812 | Orc:2    | Found Halucuto's Weapon Boutique.
 15812 | Orc:2    | Found Aqiun's Distillery.
 15882 | Orc:2    | Found Leusuago's Book Boutique.
 15882 | Orc:2    | Found Moggih's Assorted Antiques.
 15891 | Orc:2    | Bought a potion of resistance for 270 gold pieces
 15891 | Orc:2    | Bought a scroll of teleportation for 81 gold pieces
 15891 | Orc:2    | Bought a scroll labeled LAXAVITHRAZU for 27 gold pieces
 15893 | Orc:2    | Bought a potion of curing for 36 gold pieces
 15893 | Orc:2    | Bought a potion of mutation for 96 gold pieces
 15893 | Orc:2    | Bought a potion of agility for 48 gold pieces
 15893 | Orc:2    | Bought a potion of resistance for 120 gold pieces
 15893 | Orc:2    | Bought a potion of might for 48 gold pieces
 15893 | Orc:2    | Bought 2 potions of curing for 72 gold pieces
 15893 | Orc:2    | Bought a potion of mutation for 96 gold pieces
 15918 | Orc:2    | Found a transporter.
 15925 | Orc:2    | 15925 ||| Stepping ~*~*~tactically~*~*~ (stealth).
 15928 | Orc:2    | Identified the +6 battleaxe of Kismet {distort, rPois rC+}
 15928 | Orc:2    | Noticed an orc warlord
 16015 | Orc:2    | 16015 ||| Stepping ~*~*~tactically~*~*~ (stealth).
 16018 | Orc:2    | 16018 ||| Stepping ~*~*~tactically~*~*~ (stealth).
 16108 | Orc:2    | Found a transporter.
 16291 | Orc:2    | 16291 ||| READING scroll labeled LAXAVITHRAZU.
 16436 | D:12     | 16436 ||| Stepping ~*~*~tactically~*~*~ (stealth).
 16516 | D:12     | 16516 ||| Stepping ~*~*~tactically~*~*~ (hiding).
 16517 | D:12     | 16517 ||| Stepping ~*~*~tactically~*~*~ (hiding).
 16518 | D:12     | 16518 ||| Waiting for ranged monster.
 16519 | D:12     | 16519 ||| Stepping ~*~*~tactically~*~*~ (hiding).
 16520 | D:12     | 16520 ||| Waiting for ranged monster.
 16526 | D:12     | 16526 ||| Waiting for ranged monster.
 16527 | D:12     | 16527 ||| Waiting for ranged monster.
 16528 | D:12     | 16528 ||| Waiting for ranged monster.
 16544 | D:12     | 16544 ||| UPGRADING to pair of runed boots.
 16554 | D:12     | 16554 ||| DROPPING +1 pair of boots.
 16704 | D:12     | 16704 ||| EATING 33 rations.
 16737 | D:12     | Found a flagged portal.
 17038 | D:12     | 17038 ||| Stepping ~*~*~tactically~*~*~ (stealth).
 17055 | D:12     | 17055 ||| Stepping ~*~*~tactically~*~*~ (hiding).
 17056 | D:12     | 17056 ||| Stepping ~*~*~tactically~*~*~ (hiding).
 17057 | D:12     | 17057 ||| Stepping ~*~*~tactically~*~*~ (hiding).
 17058 | D:12     | 17058 ||| Stepping ~*~*~tactically~*~*~ (hiding).
 17059 | D:12     | 17059 ||| Waiting for ranged monster.
 17060 | D:12     | 17060 ||| Waiting for ranged monster.
 17062 | D:12     | 17062 ||| Stepping ~*~*~tactically~*~*~ (hiding).
 17068 | D:12     | Reached skill level 9 in Fighting
 17118 | D:12     | Found a portal to a secret trove of treasure.
 17152 | D:12     | 17152 ||| Stepping ~*~*~tactically~*~*~ (hiding).
 17153 | D:12     | 17153 ||| Stepping ~*~*~tactically~*~*~ (hiding).
 17168 | D:12     | 17168 ||| Stepping ~*~*~tactically~*~*~ (hiding).
 17169 | D:12     | 17169 ||| Waiting for ranged monster.
 17170 | D:12     | 17170 ||| Stepping ~*~*~tactically~*~*~ (hiding).
 17171 | D:12     | 17171 ||| Stepping ~*~*~tactically~*~*~ (hiding).
 17172 | D:12     | 17172 ||| Waiting for ranged monster.
 17173 | D:12     | 17173 ||| Stepping ~*~*~tactically~*~*~ (hiding).
 17174 | D:12     | 17174 ||| Stepping ~*~*~tactically~*~*~ (hiding).
 17175 | D:12     | 17175 ||| Stepping ~*~*~tactically~*~*~ (stealth).
 17177 | D:12     | 17177 ||| Stepping ~*~*~tactically~*~*~ (hiding).
 17178 | D:12     | 17178 ||| Stepping ~*~*~tactically~*~*~ (stealth).
 17179 | D:12     | 17179 ||| Waiting for ranged monster.
 17180 | D:12     | 17180 ||| Stepping ~*~*~tactically~*~*~ (hiding).
 17181 | D:12     | 17181 ||| Stepping ~*~*~tactically~*~*~ (hiding).
 17182 | D:12     | 17182 ||| Stepping ~*~*~tactically~*~*~ (hiding).
 17183 | D:12     | 17183 ||| Stepping ~*~*~tactically~*~*~ (hiding).
 17226 | D:12     | 17226 ||| Stepping ~*~*~tactically~*~*~ (stealth).
 17237 | D:12     | 17237 ||| Stepping ~*~*~tactically~*~*~ (stealth).
 17238 | D:12     | 17238 ||| Stepping ~*~*~tactically~*~*~ (stealth).
 17239 | D:12     | 17239 ||| Stepping ~*~*~tactically~*~*~ (stealth).
 17240 | D:12     | 17240 ||| Stepping ~*~*~tactically~*~*~ (stealth).
 17241 | D:12     | 17241 ||| Stepping ~*~*~tactically~*~*~ (stealth).
 17242 | D:12     | 17242 ||| Stepping ~*~*~tactically~*~*~ (stealth).
 17264 | D:12     | 17264 ||| INVOKING Greater Servant of Makhleb.
 17265 | D:12     | 17265 ||| SWAPPING to +3 war axe of flaming.
 17266 | D:12     | 17266 ||| DRINKING potion of might.
 17266 | D:12     | 17266 ||| (Quaffed as a fallback buff.)
 17269 | D:12     | 17269 ||| SWAPPING to +1 broad axe.
 17435 | D:12     | 17435 ||| READING scroll of enchant armour.
 17435 | D:12     | 17435 ||| ENCHANTING +1 helmet.
 17771 | D:13     | 17771 ||| EATING 36 rations.
 18325 | D:13     | Found a sacrificial altar of Ru.
 18463 | D:13     | 18463 ||| Stepping ~*~*~tactically~*~*~ (hiding).
 18470 | D:13     | 18470 ||| Waiting for ranged monster.
 18471 | D:13     | 18471 ||| Waiting for ranged monster.
 18472 | D:13     | 18472 ||| Waiting for ranged monster.
 18493 | D:13     | 18493 ||| Stepping ~*~*~tactically~*~*~ (hiding).
 18494 | D:13     | 18494 ||| Stepping ~*~*~tactically~*~*~ (hiding).
 18495 | D:13     | 18495 ||| Waiting for ranged monster.
 18496 | D:13     | 18496 ||| Stepping ~*~*~tactically~*~*~ (hiding).
 18497 | D:13     | 18497 ||| Stepping ~*~*~tactically~*~*~ (hiding).
 18498 | D:13     | 18498 ||| Stepping ~*~*~tactically~*~*~ (hiding).
 18499 | D:13     | 18499 ||| Waiting for ranged monster.
 18500 | D:13     | 18500 ||| Stepping ~*~*~tactically~*~*~ (hiding).
 18501 | D:13     | 18501 ||| Stepping ~*~*~tactically~*~*~ (hiding).
 18502 | D:13     | 18502 ||| Waiting for ranged monster.
 18503 | D:13     | 18503 ||| Stepping ~*~*~tactically~*~*~ (hiding).
 18504 | D:13     | 18504 ||| Stepping ~*~*~tactically~*~*~ (hiding).
 18505 | D:13     | 18505 ||| Stepping ~*~*~tactically~*~*~ (hiding).
 18506 | D:13     | 18506 ||| Waiting for ranged monster.
 18507 | D:13     | 18507 ||| Stepping ~*~*~tactically~*~*~ (hiding).
 18508 | D:13     | 18508 ||| Waiting for ranged monster.
 18509 | D:13     | 18509 ||| Waiting for ranged monster.
 18510 | D:13     | 18510 ||| Waiting for ranged monster.
 18511 | D:13     | 18511 ||| Waiting for ranged monster.
 18512 | D:13     | 18512 ||| Waiting for ranged monster.
 18513 | D:13     | 18513 ||| Waiting for ranged monster.
 18514 | D:13     | 18514 ||| Waiting for ranged monster.
 18515 | D:13     | 18515 ||| Waiting for ranged monster.
 18516 | D:13     | 18516 ||| Waiting for ranged monster.
 18542 | D:13     | 18542 ||| INVOKING Greater Servant of Makhleb.
 18543 | D:13     | 18543 ||| DRINKING 2 potions of agility.
 18543 | D:13     | 18543 ||| (Quaffed as a fallback buff.)
 18544 | D:13     | 18544 ||| DRINKING potion of agility.
 18544 | D:13     | 18544 ||| (Quaffed as a fallback buff.)
 18545 | D:13     | 18545 ||| SWAPPING to +3 war axe of flaming.
 18551 | D:13     | 18551 ||| SWAPPING to +1 broad axe.
 18692 | D:14     | 18692 ||| INVOKING Heal Wounds.
 18716 | D:14     | 18716 ||| Stepping ~*~*~tactically~*~*~ (hiding).
 18717 | D:14     | 18717 ||| INVOKING Heal Wounds.
 18773 | D:14     | 18773 ||| Stepping ~*~*~tactically~*~*~ (hiding).
 18774 | D:14     | 18774 ||| Stepping ~*~*~tactically~*~*~ (hiding).
 18775 | D:14     | 18775 ||| Stepping ~*~*~tactically~*~*~ (hiding).
 18776 | D:14     | 18776 ||| Waiting for ranged monster.
 18777 | D:14     | 18777 ||| Waiting for ranged monster.
 18778 | D:14     | 18778 ||| Waiting for ranged monster.
 18779 | D:14     | 18779 ||| Waiting for ranged monster.
 18780 | D:14     | 18780 ||| Waiting for ranged monster.
 18781 | D:14     | 18781 ||| Waiting for ranged monster.
 18782 | D:14     | 18782 ||| Waiting for ranged monster.
 18783 | D:14     | 18783 ||| Waiting for ranged monster.
 18784 | D:14     | 18784 ||| Waiting for ranged monster.
 18854 | D:14     | 18854 ||| Stepping ~*~*~tactically~*~*~ (stealth).
 18857 | D:14     | 18857 ||| Stepping ~*~*~tactically~*~*~ (stealth).
 18858 | D:14     | 18858 ||| Stepping ~*~*~tactically~*~*~ (stealth).
 18859 | D:14     | 18859 ||| Stepping ~*~*~tactically~*~*~ (stealth).
 18860 | D:14     | 18860 ||| Stepping ~*~*~tactically~*~*~ (stealth).
 18887 | D:14     | Reached ****** piety under Makhleb
 18919 | D:14     | 18919 ||| Stepping ~*~*~tactically~*~*~ (hiding).
 18920 | D:14     | 18920 ||| Waiting for ranged monster.
 18921 | D:14     | 18921 ||| Waiting for ranged monster.
 18922 | D:14     | 18922 ||| Waiting for ranged monster.
 18923 | D:14     | 18923 ||| Waiting for ranged monster.
 18924 | D:14     | 18924 ||| Waiting for ranged monster.
 19023 | D:14     | Noticed Nessos
 19024 | D:14     | 19024 ||| Stepping ~*~*~tactically~*~*~ (hiding).
 19025 | D:14     | 19025 ||| INVOKING Greater Servant of Makhleb.
 19030 | D:14     | 19030 ||| INVOKING Greater Servant of Makhleb.
 19036 | D:14     | Killed Nessos
 19222 | D:14     | 19222 ||| INVOKING Heal Wounds.
 19251 | D:14     | 19251 ||| UPGRADING to tubular bronze ring.
 19253 | D:14     | 19253 ||| UPGRADING to ring "Pizycza" {rN+ Str+3 Stlth+}.
 19255 | D:14     | 19255 ||| DROPPING +3 ring of dexterity.
 19326 | D:14     | Found a gate to the Vaults.
 19336 | D:14     | Reached XP level 15. HP: 135/135 MP: 12/12
 19381 | D:14     | 19381 ||| Stepping ~*~*~tactically~*~*~ (stealth).
 19483 | D:14     | Reached skill level 18 in Axes
 19491 | D:14     | 19491 ||| DRINKING potion of heal wounds.
 19492 | D:14     | 19492 ||| INVOKING Heal Wounds.
 19494 | D:14     | 19494 ||| INVOKING Heal Wounds.
 19495 | D:14     | 19495 ||| INVOKING Heal Wounds.
 19496 | D:14     | 19496 ||| INVOKING Heal Wounds.
 19497 | D:14     | 19497 ||| READING 2 scrolls of teleportation.
 19498 | D:14     | 19498 ||| INVOKING Heal Wounds.
 19499 | D:14     | 19499 ||| INVOKING Heal Wounds.
 19503 | D:14     | 19503 ||| INVOKING Heal Wounds.
 19509 | D:14     | 19509 ||| INVOKING Heal Wounds.
 19513 | D:14     | 19513 ||| INVOKING Heal Wounds.
 19516 | D:14     | 19516 ||| DRINKING 12 potions of curing.
 19516 | D:14     | 19516 ||| (to cure confusion)
 19517 | D:14     | 19517 ||| INVOKING Heal Wounds.
 19519 | D:14     | 19519 ||| INVOKING Heal Wounds.
 19525 | D:14     | 19525 ||| INVOKING Heal Wounds.
 19535 | D:14     | 19535 ||| Stepping ~*~*~tactically~*~*~ (hiding).
 19536 | D:14     | 19536 ||| Stepping ~*~*~tactically~*~*~ (hiding).
 19540 | D:14     | 19540 ||| Stepping ~*~*~tactically~*~*~ (hiding).
 19553 | D:14     | 19553 ||| INVOKING Heal Wounds.
 19554 | D:14     | 19554 ||| Stepping ~*~*~tactically~*~*~ (hiding).
 19556 | D:14     | 19556 ||| Waiting for ranged monster.
 19557 | D:14     | 19557 ||| Waiting for ranged monster.
 19561 | D:14     | 19561 ||| Waiting for ranged monster.
 19562 | D:14     | 19562 ||| Waiting for ranged monster.
 19563 | D:14     | 19563 ||| Waiting for ranged monster.
 19613 | D:14     | 19613 ||| Stepping ~*~*~tactically~*~*~ (hiding).
 19680 | D:14     | 19680 ||| UPGRADING to peridot ring.
 19682 | D:14     | 19682 ||| REMOVING ring of wizardry.
 19683 | D:14     | 19683 ||| DROPPING ring of wizardry.
 19684 | D:14     | 19684 ||| UPGRADING to ring "Pizycza" {rN+ Str+3 Stlth+}.
 19799 | D:14     | Found Tuamiy's Assorted Antiques.
 19802 | D:14     | Bought a scroll of enchant armour for 240 gold pieces
 19802 | D:14     | Bought a glowing shield for 240 gold pieces
 19802 | D:14     | Bought a blackened lead wand for 128 gold pieces
 19802 | D:14     | 19802 ||| UPGRADING to glowing shield.
 19812 | D:14     | 19812 ||| DROPPING +0 shield.
 19813 | D:14     | 19813 ||| READING scroll of enchant armour.
 19813 | D:14     | 19813 ||| ENCHANTING +0 cloak.
 19841 | D:14     | 19841 ||| Stepping ~*~*~tactically~*~*~ (hiding).
 19842 | D:14     | 19842 ||| Stepping ~*~*~tactically~*~*~ (hiding).
 19843 | D:14     | 19843 ||| Stepping ~*~*~tactically~*~*~ (hiding).
 19856 | D:14     | Reached skill level 12 in Shields
 19988 | D:14     | 19988 ||| READING 21 scrolls of identify.
 19988 | D:14     | 19988 ||| IDENTIFYING bubbling green potion
 19989 | D:14     | 19989 ||| DROPPING wand of enslavement (9).
 20003 | D:15     | Entered Level 15 of the Dungeon
 20007 | D:15     | 20007 ||| Stepping ~*~*~tactically~*~*~ (hiding).
 20008 | D:15     | 20008 ||| Stepping ~*~*~tactically~*~*~ (hiding).
 20009 | D:15     | 20009 ||| Stepping ~*~*~tactically~*~*~ (hiding).
 20010 | D:15     | 20010 ||| Stepping ~*~*~tactically~*~*~ (hiding).
 20011 | D:15     | 20011 ||| Stepping ~*~*~tactically~*~*~ (hiding).
 20012 | D:15     | 20012 ||| Stepping ~*~*~tactically~*~*~ (hiding).
 20013 | D:15     | 20013 ||| Waiting for ranged monster.
 20014 | D:15     | 20014 ||| Waiting for ranged monster.
 20015 | D:15     | 20015 ||| Waiting for ranged monster.
 20043 | D:15     | 20043 ||| Stepping ~*~*~tactically~*~*~ (hiding).
 20044 | D:15     | 20044 ||| Waiting for ranged monster.
 20054 | D:15     | 20054 ||| Stepping ~*~*~tactically~*~*~ (hiding).
 20055 | D:15     | 20055 ||| Stepping ~*~*~tactically~*~*~ (hiding).
 20056 | D:15     | 20056 ||| Stepping ~*~*~tactically~*~*~ (hiding).
 20057 | D:15     | 20057 ||| Waiting for ranged monster.
 20058 | D:15     | 20058 ||| Waiting for ranged monster.
 20059 | D:15     | 20059 ||| Waiting for ranged monster.
 20061 | D:15     | 20061 ||| Waiting for ranged monster.
 20062 | D:15     | 20062 ||| Waiting for ranged monster.
 20063 | D:15     | 20063 ||| Waiting for ranged monster.
 20093 | D:15     | 20093 ||| Stepping ~*~*~tactically~*~*~ (stealth).
 20177 | D:15     | 20177 ||| Stepping ~*~*~tactically~*~*~ (hiding).
 20180 | D:15     | 20180 ||| Stepping ~*~*~tactically~*~*~ (hiding).
 20181 | D:15     | 20181 ||| Stepping ~*~*~tactically~*~*~ (hiding).
 20290 | D:15     | 20290 ||| Stepping ~*~*~tactically~*~*~ (hiding).
 20298 | D:15     | 20298 ||| Waiting for ranged monster.
 20299 | D:15     | 20299 ||| Waiting for ranged monster.
 20305 | D:15     | 20305 ||| READING scroll of enchant weapon.
 20305 | D:15     | 20305 ||| ENCHANTING +1 broad axe.
 20330 | D:15     | 20330 ||| Stepping ~*~*~tactically~*~*~ (stealth).
 20335 | D:15     | 20335 ||| DRINKING potion of heal wounds.
 20336 | D:15     | 20336 ||| INVOKING Heal Wounds.
 20337 | D:15     | 20337 ||| INVOKING Heal Wounds.
 20338 | D:15     | 20338 ||| INVOKING Heal Wounds.
 20339 | D:15     | 20339 ||| INVOKING Heal Wounds.
 20340 | D:15     | 20340 ||| READING 3 scrolls of teleportation.
 20341 | D:15     | 20341 ||| INVOKING Heal Wounds.
 20344 | D:15     | 20344 ||| INVOKING Heal Wounds.
 20554 | D:15     | 20554 ||| Stepping ~*~*~tactically~*~*~ (hiding).
 20555 | D:15     | 20555 ||| Stepping ~*~*~tactically~*~*~ (hiding).
 20556 | D:15     | 20556 ||| Stepping ~*~*~tactically~*~*~ (hiding).
 20557 | D:15     | 20557 ||| Stepping ~*~*~tactically~*~*~ (hiding).
 20559 | D:15     | 20559 ||| Stepping ~*~*~tactically~*~*~ (hiding).
 20560 | D:15     | 20560 ||| Stepping ~*~*~tactically~*~*~ (hiding).
 20568 | D:15     | 20568 ||| Waiting for ranged monster.
 20569 | D:15     | 20569 ||| Waiting for ranged monster.
 20588 | D:15     | Found a staircase to the Depths.
 21057 | Lair:6   | 21057 ||| Stepping ~*~*~tactically~*~*~ (hiding).
 21058 | Lair:6   | 21058 ||| Stepping ~*~*~tactically~*~*~ (hiding).
 21063 | Lair:6   | 21063 ||| READING 2 scrolls of teleportation.
 21064 | Lair:6   | 21064 ||| Stepping randomly (stuck).
 21065 | Lair:6   | 21065 ||| Stepping randomly (stuck).
 21066 | Lair:6   | 21066 ||| Waiting for ranged monster.
 21067 | Lair:6   | 21067 ||| Waiting for ranged monster.
 21106 | Swamp:1  | Entered Level 1 of the Swamp
 21107 | Swamp:1  | 21107 ||| Entered S.
 21112 | Swamp:1  | 21112 ||| Stepping ~*~*~tactically~*~*~ (water).
 21118 | Swamp:1  | 21118 ||| DRINKING 3 potions of resistance.
 21141 | Swamp:1  | 21141 ||| Stepping ~*~*~tactically~*~*~ (water).
 21143 | Swamp:1  | 21143 ||| Stepping ~*~*~tactically~*~*~ (water).
 21145 | Swamp:1  | 21145 ||| Stepping ~*~*~tactically~*~*~ (water).
 21179 | Swamp:1  | 21179 ||| Stepping ~*~*~tactically~*~*~ (water).
 21260 | Swamp:1  | 21260 ||| Stepping ~*~*~tactically~*~*~ (stealth).
 21261 | Swamp:1  | 21261 ||| INVOKING Greater Servant of Makhleb.
 21262 | Swamp:1  | 21262 ||| SWAPPING to +3 war axe of flaming.
 21266 | Swamp:1  | 21266 ||| Stepping ~*~*~tactically~*~*~ (water).
 21268 | Swamp:1  | 21268 ||| SWAPPING to +2 broad axe.
 21281 | Swamp:1  | 21281 ||| Stepping ~*~*~tactically~*~*~ (water).
 21376 | Swamp:1  | 21376 ||| Stepping ~*~*~tactically~*~*~ (water).
 21386 | Swamp:1  | 21386 ||| Stepping ~*~*~tactically~*~*~ (water).
 21434 | Swamp:1  | 21434 ||| Stepping ~*~*~tactically~*~*~ (water).
 21456 | Swamp:1  | 21456 ||| Stepping randomly (cloudy).
 21457 | Swamp:1  | 21457 ||| Stepping ~*~*~tactically~*~*~ (cloud).
 21475 | Swamp:2  | 21475 ||| Stepping ~*~*~tactically~*~*~ (stealth).
 21502 | Swamp:2  | 21502 ||| INVOKING Greater Servant of Makhleb.
 21504 | Swamp:2  | 21504 ||| DRINKING potion of haste.
 21504 | Swamp:2  | 21504 ||| (Quaffed as a fallback buff.)
 21507 | Swamp:2  | 21507 ||| SWAPPING to +3 war axe of flaming.
 21513 | Swamp:2  | 21513 ||| SWAPPING to +2 broad axe.
 21518 | Swamp:2  | 21518 ||| DRINKING 11 potions of curing.
 21518 | Swamp:2  | 21518 ||| (to cure poison)
 21519 | Swamp:2  | 21519 ||| Stepping randomly (cloudy).
 21520 | Swamp:2  | 21520 ||| Stepping ~*~*~tactically~*~*~ (cloud).
 21527 | Swamp:2  | 21527 ||| INVOKING Heal Wounds.
 21528 | Swamp:2  | 21528 ||| DRINKING 10 potions of curing.
 21528 | Swamp:2  | 21528 ||| (to cure bad poison)
 21529 | Swamp:2  | 21529 ||| Stepping ~*~*~tactically~*~*~ (cloud).
 21574 | Swamp:2  | 21574 ||| Stepping ~*~*~tactically~*~*~ (hiding).
 21575 | Swamp:2  | 21575 ||| Waiting for ranged monster.
 21576 | Swamp:2  | 21576 ||| Waiting for ranged monster.
 21577 | Swamp:2  | 21577 ||| Waiting for ranged monster.
 21578 | Swamp:2  | 21578 ||| Waiting for ranged monster.
 21593 | Swamp:2  | 21593 ||| Stepping ~*~*~tactically~*~*~ (hiding).
 21617 | Swamp:2  | 21617 ||| Stepping ~*~*~tactically~*~*~ (water).
 21661 | Swamp:2  | 21661 ||| Stepping ~*~*~tactically~*~*~ (stealth).
 21662 | Swamp:2  | 21662 ||| Stepping ~*~*~tactically~*~*~ (stealth).
 21663 | Swamp:2  | 21663 ||| Stepping ~*~*~tactically~*~*~ (stealth).
 21667 | Swamp:2  | 21667 ||| READING scroll of teleportation.
 21675 | Swamp:2  | 21675 ||| Stepping ~*~*~tactically~*~*~ (stealth).
 21684 | Swamp:2  | 21684 ||| DRINKING 2 potions of resistance.
 21706 | Swamp:2  | 21706 ||| Stepping randomly (cloudy).
 21707 | Swamp:2  | 21707 ||| Stepping ~*~*~tactically~*~*~ (water).
 21714 | Swamp:2  | 21714 ||| Stepping ~*~*~tactically~*~*~ (stealth).
 21736 | Swamp:2  | 21736 ||| Stepping ~*~*~tactically~*~*~ (stealth).
 21738 | Swamp:2  | 21738 ||| Stepping ~*~*~tactically~*~*~ (water).
 21740 | Swamp:2  | 21740 ||| Stepping ~*~*~tactically~*~*~ (water).
 21808 | Swamp:2  | 21808 ||| READING scroll of acquirement.
 21810 | Swamp:2  | 21810 ||| UPGRADING to glowing scarf.
 21820 | Swamp:2  | 21820 ||| UPGRADING to +1 cloak.
 21830 | Swamp:2  | 21830 ||| DROPPING scarf of cloud immunity.
 21868 | Swamp:2  | 21868 ||| INVOKING Greater Servant of Makhleb.
 21870 | Swamp:2  | 21870 ||| SWAPPING to +3 war axe of flaming.
 21876 | Swamp:2  | 21876 ||| SWAPPING to +2 broad axe.
 21920 | Swamp:2  | 21920 ||| DRINKING potion of resistance.
 21977 | Swamp:2  | 21977 ||| Stepping ~*~*~tactically~*~*~ (water).
 21981 | Swamp:2  | 21981 ||| Stepping randomly (cloudy).
 22065 | Swamp:2  | Found a white marble altar of Elyvilon.
 22102 | Swamp:2  | 22102 ||| Stepping ~*~*~tactically~*~*~ (water).
 22261 | Swamp:2  | 22261 ||| Stepping ~*~*~tactically~*~*~ (hiding).
 22262 | Swamp:2  | 22262 ||| Stepping ~*~*~tactically~*~*~ (hiding).
 22263 | Swamp:2  | 22263 ||| Waiting for ranged monster.
 22264 | Swamp:2  | 22264 ||| Waiting for ranged monster.
 22265 | Swamp:2  | 22265 ||| Waiting for ranged monster.
 22269 | Swamp:2  | 22269 ||| Waiting for ranged monster.
 22270 | Swamp:2  | 22270 ||| Waiting for ranged monster.
 22271 | Swamp:2  | 22271 ||| Waiting for ranged monster.
 22307 | Swamp:2  | 22307 ||| Stepping ~*~*~tactically~*~*~ (water).
 22455 | Swamp:3  | 22455 ||| Stepping ~*~*~tactically~*~*~ (stealth).
 22472 | Swamp:3  | 22472 ||| Stepping ~*~*~tactically~*~*~ (water).
 22474 | Swamp:3  | 22474 ||| Stepping ~*~*~tactically~*~*~ (water).
 22539 | Swamp:3  | 22539 ||| FLEEEEING.
 22540 | Swamp:3  | 22540 ||| FLEEEEING.
 22541 | Swamp:3  | 22541 ||| FLEEEEING.
 22542 | Swamp:3  | 22542 ||| FLEEEEING.
 22543 | Swamp:3  | 22543 ||| STILL FLEEEEING.
 22544 | Swamp:3  | 22544 ||| Stepping ~*~*~tactically~*~*~ (hiding).
 22545 | Swamp:3  | 22545 ||| Stepping ~*~*~tactically~*~*~ (hiding).
 22547 | Swamp:3  | Paralysed by a hornet for 2 turns
 22572 | Swamp:3  | 22572 ||| DRINKING 9 potions of curing.
 22572 | Swamp:3  | 22572 ||| (to cure confusion)
 22613 | Swamp:3  | 22613 ||| EATING 41 rations.
 22919 | Swamp:3  | 22919 ||| Stepping ~*~*~tactically~*~*~ (stealth).
 22921 | Swamp:3  | 22921 ||| Stepping ~*~*~tactically~*~*~ (water).
 22922 | Swamp:3  | 22922 ||| Stepping ~*~*~tactically~*~*~ (hiding).
 22923 | Swamp:3  | 22923 ||| Waiting for ranged monster.
 22930 | Swamp:3  | 22930 ||| Waiting for ranged monster.
 22931 | Swamp:3  | 22931 ||| Waiting for ranged monster.
 22948 | Swamp:3  | 22948 ||| READING scroll of enchant weapon.
 22948 | Swamp:3  | 22948 ||| ENCHANTING +2 broad axe.
 23210 | Swamp:4  | Entered Level 4 of the Swamp
 23221 | Swamp:4  | 23221 ||| Stepping ~*~*~tactically~*~*~ (stealth).
 23222 | Swamp:4  | 23222 ||| Stepping ~*~*~tactically~*~*~ (stealth).
 23239 | Swamp:4  | 23239 ||| DRINKING 8 potions of curing.
 23239 | Swamp:4  | 23239 ||| (to cure poison)
 23240 | Swamp:4  | 23240 ||| Stepping ~*~*~tactically~*~*~ (cloud).
 23294 | Swamp:4  | 23294 ||| Stepping ~*~*~tactically~*~*~ (hiding).
 23295 | Swamp:4  | 23295 ||| Stepping ~*~*~tactically~*~*~ (hiding).
 23296 | Swamp:4  | 23296 ||| Waiting for ranged monster.
 23297 | Swamp:4  | 23297 ||| Waiting for ranged monster.
 23304 | Swamp:4  | 23304 ||| Waiting for ranged monster.
 23319 | Swamp:4  | 23319 ||| Stepping ~*~*~tactically~*~*~ (hiding).
 23320 | Swamp:4  | 23320 ||| Waiting for ranged monster.
 23322 | Swamp:4  | 23322 ||| Stepping ~*~*~tactically~*~*~ (water).
 23328 | Swamp:4  | 23328 ||| Stepping ~*~*~tactically~*~*~ (cloud).
 23330 | Swamp:4  | 23330 ||| Stepping ~*~*~tactically~*~*~ (water).
 23334 | Swamp:4  | 23334 ||| DRINKING 7 potions of curing.
 23334 | Swamp:4  | 23334 ||| (to cure bad poison)
 23337 | Swamp:4  | Noticed a thorn hunter
 23338 | Swamp:4  | 23338 ||| Stepping ~*~*~tactically~*~*~ (stealth).
 23339 | Swamp:4  | 23339 ||| Stepping ~*~*~tactically~*~*~ (stealth).
 23340 | Swamp:4  | 23340 ||| INVOKING Greater Servant of Makhleb.
 23349 | Swamp:4  | Killed a thorn hunter
 23349 | Swamp:4  | Reached XP level 16. HP: 119/146 MP: 5/5
 23395 | Swamp:4  | 23395 ||| Stepping ~*~*~tactically~*~*~ (cloud).
 23424 | Swamp:4  | 23424 ||| Stepping ~*~*~tactically~*~*~ (water).
 23518 | Swamp:4  | 23518 ||| Stepping ~*~*~tactically~*~*~ (cloud).
 23519 | Swamp:4  | 23519 ||| Stepping ~*~*~tactically~*~*~ (water).
 23521 | Swamp:4  | 23521 ||| Stepping ~*~*~tactically~*~*~ (water).
 23538 | Swamp:4  | 23538 ||| Stepping ~*~*~tactically~*~*~ (stealth).
 23541 | Swamp:4  | 23541 ||| INVOKING Greater Servant of Makhleb.
 23542 | Swamp:4  | 23542 ||| READING scroll of teleportation.
 23543 | Swamp:4  | 23543 ||| INVOKING MAJOR DESTRUCTION
 23544 | Swamp:4  | 23544 ||| INVOKING MAJOR DESTRUCTION
 23545 | Swamp:4  | 23545 ||| INVOKING MAJOR DESTRUCTION
 23546 | Swamp:4  | 23546 ||| INVOKING Heal Wounds.
 23547 | Swamp:4  | 23547 ||| INVOKING Heal Wounds.
 23548 | Swamp:4  | 23548 ||| DRINKING 6 potions of curing.
 23548 | Swamp:4  | 23548 ||| (to cure poison)
 23687 | Swamp:4  | 23687 ||| Stepping ~*~*~tactically~*~*~ (stealth).
 23690 | Swamp:4  | 23690 ||| INVOKING Greater Servant of Makhleb.
 23691 | Swamp:4  | 23691 ||| SWAPPING to +3 war axe of flaming.
 23696 | Swamp:4  | 23696 ||| SWAPPING to +3 broad axe.
 23705 | Swamp:4  | 23705 ||| Stepping ~*~*~tactically~*~*~ (cloud).
 23710 | Swamp:4  | 23710 ||| Stepping ~*~*~tactically~*~*~ (cloud).
 23716 | Swamp:4  | 23716 ||| Stepping randomly (cloudy).
 23717 | Swamp:4  | 23717 ||| Stepping ~*~*~tactically~*~*~ (cloud).
 23723 | Swamp:4  | 23723 ||| INVOKING Heal Wounds.
 23757 | Swamp:4  | 23757 ||| SWAPPING to +3 war axe of flaming.
 23760 | Swamp:4  | 23760 ||| SWAPPING to +3 broad axe.
 23764 | Swamp:4  | 23764 ||| Stepping ~*~*~tactically~*~*~ (water).
 23765 | Swamp:4  | 23765 ||| SWAPPING to +3 war axe of flaming.
 23767 | Swamp:4  | 23767 ||| SWAPPING to +3 broad axe.
 23768 | Swamp:4  | 23768 ||| Stepping ~*~*~tactically~*~*~ (water).
 23782 | Swamp:4  | 23782 ||| SWAPPING to +3 war axe of flaming.
 23783 | Swamp:4  | 23783 ||| Stepping ~*~*~tactically~*~*~ (water).
 23785 | Swamp:4  | 23785 ||| SWAPPING to +3 broad axe.
 23787 | Swamp:4  | 23787 ||| Stepping ~*~*~tactically~*~*~ (cloud).
 23788 | Swamp:4  | 23788 ||| SWAPPING to +3 war axe of flaming.
 23789 | Swamp:4  | 23789 ||| Stepping ~*~*~tactically~*~*~ (water).
 23790 | Swamp:4  | 23790 ||| SWAPPING to +3 broad axe.
 23795 | Swamp:4  | 23795 ||| Stepping ~*~*~tactically~*~*~ (water).
 23798 | Swamp:4  | 23798 ||| Stepping ~*~*~tactically~*~*~ (cloud).
 23798 | Swamp:4  | Noticed a thorn hunter
 23799 | Swamp:4  | 23799 ||| Stepping ~*~*~tactically~*~*~ (water).
 23800 | Swamp:4  | 23800 ||| SWAPPING to +3 war axe of flaming.
 23802 | Swamp:4  | 23802 ||| Stepping ~*~*~tactically~*~*~ (cloud).
 23803 | Swamp:4  | 23803 ||| SWAPPING to +3 broad axe.
 23805 | Swamp:4  | 23805 ||| DRINKING 5 potions of curing.
 23805 | Swamp:4  | 23805 ||| (to cure poison)
 23806 | Swamp:4  | 23806 ||| Stepping ~*~*~tactically~*~*~ (water).
 23807 | Swamp:4  | 23807 ||| INVOKING Greater Servant of Makhleb.
 23815 | Swamp:4  | Killed a thorn hunter
 23816 | Swamp:4  | 23816 ||| INVOKING Heal Wounds.
 23821 | Swamp:4  | 23821 ||| SWAPPING to +3 war axe of flaming.
 23827 | Swamp:4  | 23827 ||| SWAPPING to +3 broad axe.
 23834 | Swamp:4  | 23834 ||| SWAPPING to +3 war axe of flaming.
 23837 | Swamp:4  | 23837 ||| SWAPPING to +3 broad axe.
 23841 | Swamp:4  | 23841 ||| Stepping ~*~*~tactically~*~*~ (cloud).
 23843 | Swamp:4  | 23843 ||| INVOKING Heal Wounds.
 23844 | Swamp:4  | 23844 ||| DRINKING 4 potions of curing.
 23844 | Swamp:4  | 23844 ||| (to cure poison)
 23889 | Swamp:4  | Got a decaying rune of Zot
 23905 | Swamp:4  | 23905 ||| SWAPPING to +3 war axe of flaming.
 23906 | Swamp:4  | 23906 ||| Stepping ~*~*~tactically~*~*~ (water).
 23911 | Swamp:4  | 23911 ||| SWAPPING to +3 broad axe.
 23913 | Swamp:4  | 23913 ||| DRINKING 3 potions of curing.
 23913 | Swamp:4  | 23913 ||| (to cure bad poison)
 23915 | Swamp:4  | 23915 ||| INVOKING Heal Wounds.
 23933 | Swamp:4  | 23933 ||| Stepping ~*~*~tactically~*~*~ (water).
 23951 | Swamp:4  | 23951 ||| Stepping ~*~*~tactically~*~*~ (water).
 23953 | Swamp:4  | 23953 ||| Stepping ~*~*~tactically~*~*~ (water).
 23956 | Swamp:4  | 23956 ||| Stepping ~*~*~tactically~*~*~ (water).
 23968 | Swamp:4  | 23968 ||| Stepping ~*~*~tactically~*~*~ (water).
 24048 | Swamp:4  | 24048 ||| Stepping ~*~*~tactically~*~*~ (water).
 24052 | Swamp:4  | 24052 ||| Stepping ~*~*~tactically~*~*~ (cloud).
 24056 | Swamp:4  | 24056 ||| Stepping ~*~*~tactically~*~*~ (cloud).
 24057 | Swamp:4  | 24057 ||| DRINKING 2 potions of curing.
 24057 | Swamp:4  | 24057 ||| (to cure poison)
 24084 | Swamp:4  | 24084 ||| INVOKING Greater Servant of Makhleb.
 24085 | Swamp:4  | 24085 ||| READING scroll of teleportation.
 24086 | Swamp:4  | 24086 ||| INVOKING MAJOR DESTRUCTION
 24087 | Swamp:4  | 24087 ||| INVOKING MAJOR DESTRUCTION
 24207 | Swamp:4  | 24207 ||| INVOKING Greater Servant of Makhleb.
 24210 | Swamp:4  | 24210 ||| SWAPPING to +3 war axe of flaming.
 24223 | Swamp:4  | 24223 ||| SWAPPING to +3 broad axe.
 24229 | Swamp:4  | 24229 ||| Stepping ~*~*~tactically~*~*~ (water).
 24236 | Swamp:4  | 24236 ||| DRINKING potion of curing.
 24236 | Swamp:4  | 24236 ||| (to cure bad poison)
 24237 | Swamp:4  | 24237 ||| DRINKING potion of heal wounds.
 24238 | Swamp:4  | 24238 ||| INVOKING Heal Wounds.
 24425 | Lair:2   | 24425 ||| EATING 41 rations.
 24658 | Vaults:1 | Entered Level 1 of the Vaults
 24659 | Vaults:1 | 24659 ||| Entered V.
 24685 | Vaults:1 | 24685 ||| Stepping ~*~*~tactically~*~*~ (stealth).
 24697 | Vaults:1 | 24697 ||| Stepping ~*~*~tactically~*~*~ (hiding).
 24709 | Vaults:1 | 24709 ||| Stepping ~*~*~tactically~*~*~ (stealth).
 24768 | Vaults:1 | 24768 ||| Stepping ~*~*~tactically~*~*~ (stealth).
 24769 | Vaults:1 | 24769 ||| Stepping ~*~*~tactically~*~*~ (stealth).
 24770 | Vaults:1 | 24770 ||| Stepping ~*~*~tactically~*~*~ (stealth).
 24775 | Vaults:1 | 24775 ||| Stepping ~*~*~tactically~*~*~ (hiding).
 24776 | Vaults:1 | 24776 ||| Waiting for ranged monster.
 24777 | Vaults:1 | 24777 ||| Waiting for ranged monster.
 24835 | Vaults:1 | 24835 ||| Stepping ~*~*~tactically~*~*~ (stealth).
 24836 | Vaults:1 | 24836 ||| Stepping ~*~*~tactically~*~*~ (stealth).
 24838 | Vaults:1 | 24838 ||| Stepping ~*~*~tactically~*~*~ (stealth).
 24839 | Vaults:1 | 24839 ||| Stepping ~*~*~tactically~*~*~ (stealth).
 24840 | Vaults:1 | 24840 ||| INVOKING Greater Servant of Makhleb.
 24841 | Vaults:1 | You fall into a shaft and drop 1 floor!
 24842 | Vaults:2 | 24842 ||| Shafted from Vaults:1 to Vaults:2.
 24852 | Vaults:2 | Reached skill level 12 in Armour
 24858 | Vaults:2 | 24858 ||| INVOKING Heal Wounds.
 24859 | Vaults:2 | 24859 ||| INVOKING Heal Wounds.
 24860 | Vaults:2 | 24860 ||| INVOKING Heal Wounds.
 24862 | Vaults:2 | 24862 ||| INVOKING Heal Wounds.
 24863 | Vaults:2 | 24863 ||| INVOKING Heal Wounds.
 24863 | Vaults:2 | HP: 32/150 [vault warden/+0 great sword[a glowing orange
                  | brain] (33)]
 24864 | Vaults:2 | 24864 ||| INVOKING Heal Wounds.
 24864 | Vaults:2 | HP: 1/150 [stone giant (51)]
 24864 | Vaults:2 | Slain by an orc knight

Levels and vault maps discovered:
D:1:      psy_arrival_terrarium, layout_loops_ring,
          chequers_serial_rivers_micro_a
D:2:      layout_basic, hangedman_feature_mirror
D:3:      layout_basic, first_ration, chequers_ecumenical_altar_simple_redux
D:4:      layout_rooms, minmay_temple_entry_glassed_door, serial_shops,
          nicolae_shop_overgrown_old_shop
D:5:      layout_rooms, uniq_blork_the_orc
D:6:      layout_gridville, uniq_pikel
D:7:      layout_rooms, kennysheep_mini, the_bakery,
          hangedman_abyss_or_decor_stabs
D:8:      layout_loops_ring, enter_ossuary_4, basic_altar, uniq_grum
D:9:      layout_loops_ring, uniq_psyche
D:10:     gammafunk_beogh_shrine, layout_small_grid, david_orc_4
D:11:     layout_basic, due_lair_maze_entry_diamond, fedhas_altar_2
D:12:     layout_layer_cave, nicolae_trove_entry_columns, enter_bailey_2
D:13:     layout_grid_maze, nicolae_ru_path_of_blood
D:14:     minmay_elf_outpost, layout_basic, grunt_vaults_entry_fortified,
          minmay_misc_feat_room, serial_shops, shop, uniq_nessos
D:15:     grunt_enter_depths_snipers, layout_loops_cross
Temple:   nicolae_temple_the_god_donut
Lair:1:   layout_long_grid, uniq_nergalle
Lair:2:   layout_gridlike, basic_altar, nicolae_volcano_entry_lava_flow
Lair:3:   kb_forest_paths, layout_hall_layers
Lair:4:   layout_big_grid, swamp_mist, dummy_snake_entry,
          kennysheep_abandoned_house, uniq_sonja
Lair:5:   layout_hall_layers, kennysheep_rathole, serial_bayou_shore_a
Lair:6:   gammafunk_lair_ancient_temple, layout_regular_city,
          nicolae_slime_entry_slimehenge, minmay_lair_oklob_chamber
Swamp:1:  layout_basic_swamp, evilmike_swamp_ruin_house_4, roderic_carrion_pond
Swamp:2:  layout_falls_marsh, basic_altar, swamp_pool1
Swamp:3:  layout_basic_swamp, hangedman_swamp_cone, swamp_pool1,
          infiniplex_staircase_pool
Swamp:4:  swamp, layout_basic_swamp
Orc:1:    layout_diamond_mine, gammafunk_ghost_fury_of_okawaru, mines3_lemuel
Orc:2:    grunt_orc_tribal_feast, layout_diamond_mine,
          gammafunk_ghost_abyssal_escape
Vaults:1: nicolae_vaults_mini_display_case, grunt_vaults_focal,
          nicolae_vaults_asterisk, nicolae_vaults_gold_heap, vaults_dpeg_hooks,
          ontoclasm_vaults_idyll, v_misc_19, v_misc_4,
          nicolae_vaults_shelves_hall, layout_vaults_big_room, serial_shops,
          shop
Vaults:2: gammafunk_vaults_ghost_spectres, v_misc_8,
          ontoclasm_vaults_claustrophobia, nicolae_vaults_network_barrier,
          vaults_dpeg_cross, vaults_mumra_lcd, hangedman_vaults_snaps,
          vaults_room_guarded_vault, ontoclasm_vaults_gateway,
          layout_vaults_big_cross, uniq_mennas, uniq_boris, uniq_mara,
          uniq_aizul

Skill      XL: |  1  2  3  4  5  6  7  8  9 10 11 12 13 14 15 16 |
---------------+-------------------------------------------------+-----
Axes           | 3 4 5 7 8 10 11 12 14 16 17 18 | 18.0
Dodging        | 1 2 3 4 6 8 |  8.1
Invocations    | 2 4 8 11 14 15 16 | 16.9
Shields        | 4 5 6 7 8 9 10 11 12 13 | 13.0
Fighting       | 3 4 5 6 8 9 10 11 | 11.0
Armour         | 4 5 7 8 9 10 11 12 | 12.0

Action                   |  1- 3 |  4- 6 |  7- 9 | 10-12 | 13-15 | 16-18 || total
-------------------------+-------+-------+-------+-------+-------+-------++-------
Melee: War axe           |   166 |   170 |   296 |    95 |    20 |    30 ||   777
       Broad axe         |       |       |       |   924 |  1792 |   196 ||  2912
Throw: Javelin           |       |       |     9 |    49 |    15 |     4 ||    77
Invok: Major Destruction |       |       |       |    11 |       |     5 ||    16
       Greater Servant o |       |       |       |     5 |    18 |     6 ||    29
 Abil: Heal Wounds       |       |     1 |     2 |    21 |    43 |    13 ||    80
  Use: Scroll            |     3 |    11 |     7 |    13 |    17 |     2 ||    53
       Potion            |     2 |     1 |     2 |     6 |    27 |     7 ||    45
 Stab: Invisible         |       |       |       |       |     4 |       ||     4
       Distracted        |       |       |       |       |     2 |     2 ||     4
       Confused          |       |       |       |       |     1 |     1 ||     2
  Eat: Chunk             |     1 |     4 |     6 |    17 |    26 |     3 ||    57
       Ration            |     1 |       |       |     3 |     4 |     1 ||     9
Armor: Scale mail        |    18 |       |       |       |       |       ||    18
       Chain mail        |    74 |    80 |   113 |    43 |   594 |   133 ||  1037
       Plate armour      |       |       |       |   624 |       |       ||   624
Dodge: Dodged            |    43 |    44 |   133 |   424 |   590 |   109 ||  1343
Block: Shield            |    75 |    69 |   174 |   727 |  1010 |   177 ||  2232
       Reflection        |       |       |       |       |    15 |     7 ||    22

Table legend:
 A = Non-vault XP
 B = Vault XP
 C = Vault XP percentage of total XP
 D = Non-vault monster count
 E = Vault monster count
 F = Vault count percentage of total count
                 A         B        C        D         E       F
            +---------+---------+-------+---------+---------+-------
      Total |  116486 |   67441 |  36.7 |     675 |     248 |  26.9
            +---------+---------+-------+---------+---------+-------
        D:1 |      40 |       0 |   0.0 |      23 |       0 |   0.0
        D:2 |      50 |       8 |  13.8 |      14 |       6 |  30.0
        D:3 |     203 |       0 |   0.0 |      25 |       0 |   0.0
        D:4 |     237 |       0 |   0.0 |      12 |       0 |   0.0
        D:5 |     452 |      96 |  17.5 |      17 |       1 |   5.6
        D:6 |     887 |     663 |  42.8 |      23 |       1 |   4.2
        D:7 |    1015 |     224 |  18.1 |      23 |       1 |   4.2
        D:8 |    1902 |     677 |  26.3 |      27 |       7 |  20.6
        D:9 |    1031 |     448 |  30.3 |      16 |       1 |   5.9
       D:10 |    2991 |     711 |  19.2 |      24 |      14 |  36.8
       D:11 |    2228 |    1323 |  37.3 |      34 |      11 |  24.4
       D:12 |    7081 |       0 |   0.0 |      42 |       0 |   0.0
       D:13 |    4265 |       0 |   0.0 |      22 |       0 |   0.0
       D:14 |    8474 |   18454 |  68.5 |      23 |      30 |  56.6
       D:15 |    4418 |    2376 |  35.0 |      19 |       3 |  13.6
     Lair:1 |    5326 |     804 |  13.1 |      23 |       1 |   4.2
     Lair:2 |   12411 |       0 |   0.0 |      46 |       0 |   0.0
     Lair:3 |    4664 |    4822 |  50.8 |      20 |      21 |  51.2
     Lair:4 |    2182 |     935 |  30.0 |      16 |      15 |  48.4
     Lair:5 |    2767 |     188 |   6.4 |      13 |      11 |  45.8
     Lair:6 |    3394 |   10964 |  76.4 |      16 |      42 |  72.4
    Swamp:1 |    6109 |       0 |   0.0 |      24 |       0 |   0.0
    Swamp:2 |   15782 |       0 |   0.0 |      45 |       0 |   0.0
    Swamp:3 |    6307 |       0 |   0.0 |      16 |       0 |   0.0
    Swamp:4 |   10905 |   12597 |  53.6 |      31 |      24 |  43.6
      Orc:1 |    2529 |     447 |  15.0 |      31 |       1 |   3.1
      Orc:2 |    5446 |    4918 |  47.5 |      41 |      30 |  42.3
   Vaults:1 |    2750 |    5572 |  67.0 |       6 |      11 |  64.7
   Vaults:2 |     640 |     986 |  60.6 |       3 |       1 |  25.0
    Ossuary |       0 |     228 | 100.0 |       0 |      16 | 100.0
            +---------+---------+-------+---------+---------+-------
